Cogmind - Beta 14 @@@ ROGUE MODE // 2025.04.30 @ 22:49:47 Player: VT-MNC Result: Heading to fleet! Performance ------------- Evolutions (9) 4500 Regions Visited (32) 6400 Robots Destroyed (676) 3380 Value Destroyed (35340) 35340 Prototype IDs (297) 5940 Alien Tech Used (13) 2600 Bonus (68514) 68514 TOTAL SCORE: 126674 Bonus ------- Triggered Max Security 2000 High Alert Combat Kills 10240 Follower Combat Kills 1154 Finished Modified EM Gauss 1000 Network Hubs Disabled 200 Met Imprinter 300 Met Zhirov 300 Built Enhanced Grunts 300 A7 Reached Mainframe 300 Met R17 at Cetus 500 Read Decrypted Archives 300 Used Core Reset Matrix 3000 Met R17 at Research 2000 Scanned by Researcher 500 Pursued by Intercept 500 Integrated Exoskeleton 5000 Destroyed MAIN.C Guards 500 Met MAIN.C 5000 Destroyed MAIN.C Shell 5000 Destroyed MAIN.C 10000 Met Architect 300 Destroyed A8 300 Destroyed A6 400 Destroyed A5 500 Destroyed A4 700 Destroyed A3 800 Destroyed A2 1000 Destroyed Architect 15000 Win 3000 Friendly Fire -1580 Cogmind --------- Core Integrity 426/1600 Matter 147/300 Energy 338/340 System Corruption 5% Temperature Cool (0) Movement Walking (30) Location To Fleet Rendezvous Parts ------- > --- POWER (1) -------- Zero-point Reactor > --- PROPULSION (3) --- Sigix Exoskeleton > --- UTILITY (8) ------ Medium Storage Unit Quantum Shading Machine Experimental Targeting Computer Experimental Core Analyzer Improved Armor Integrity Analyzer Quantum Capacitor Graphene Brace > --- WEAPON (3) ------- Modified Sigix Sheargun Sigix Shearcannon > --- INVENTORY (10) --- Advanced Force Field Architect God Chip A Architect God Chip A Architect God Chip D Microwarp Drive Sigix Sheargun Sigix Sheargun Peak State ------------ > --- POWER ------------ Zero-point Reactor > --- PROPULSION ------- Sigix Exoskeleton > --- UTILITY ---------- Medium Storage Unit Experimental Targeting Computer Experimental Core Analyzer Improved Armor Integrity Analyzer Quantum Capacitor Graphene Brace Architect God Chip D > --- WEAPON ----------- Modified Sigix Sheargun Sigix Shearcannon > --- INVENTORY -------- Quantum Shading Machine Advanced Force Field Architect God Chip A Architect God Chip A Architect God Chip A Architect God Chip D Microwarp Drive Sigix Sheargun Sigix Sheargun [Rating: 280] Favorites ----------- Power Quantum Reactor Engine Improved Deuterium Engine Power Core Light Fission Core Reactor Quantum Reactor Propulsion Light Treads Treads Light Treads Leg Sigix Exoskeleton Wheel Compact Wheel Utility Huge Storage Unit Device Advanced Cooling System Storage Huge Storage Unit Processor Advanced Targeting Computer Hackware Hacking Suite Protection Centrium Medium Armor Plating Artifact Microwarp Drive Weapon Compact HERF Cannon Energy Gun Improved EM Shotgun Energy Cannon Compact HERF Cannon Ballistic Gun High-powered Shotgun Ballistic Cannon Flak Cannon Launcher Compact Tesla Bomb Launcher Special Weapon Improved Remote Datajack Impact Weapon Flail Slashing Weapon Scythe Piercing Weapon Kinetic Spear Build | -11 -10 -9 -9 -9 -8 -8 -8 -8 -8 -6 -6 -6 -6 -5 -5 -5 -5 -5 -5 -4 -4 -4 -4 -3 -3 -3 -2 -2 -2 -1 -1 -1 ------- Run | Yrd Mat Mat Min Exi Min Mat Sto Rec Scr Fac Low Low Zio Pro Fac Ext Cet Arc Hub Fac Upp Upp Zhi Pro Res Qua Res Tes Sec Acc Com Ac0 Slots Evolved 18 | . . 2 . . . 2 . . . 4 . . . . 2 . . . . 2 . . . . 2 . 2 . . 2 . . Power 2 | . . . . . . . . . . 1 . . . . . . . . . . . . . . . . 1 . . . . . Propulsion 4 | . . 1 . . . 1 . . . 1 . . . . 1 . . . . . . . . . . . . . . . . . Utility 11 | . . 1 . . . 1 . . . 2 . . . . 1 . . . . 1 . . . . 2 . 1 . . 2 . . Weapon 1 | . . . . . . . . . . . . . . . . . . . . 1 . . . . . . . . . . . . Parts Attached 1097 | 4 25 31 15 . 17 63 57 12 12 141 25 4 15 15 38 72 22 1 37 18 12 23 7 27 113 44 24 59 66 17 27 54 Power 58 | . 4 4 . . 1 1 . . 3 5 2 . 1 2 2 2 2 . . 1 1 . 2 3 11 . 2 3 4 . 2 . Engine 21 | . 4 4 . . 1 1 . . 2 3 1 . . 2 1 2 . . . . . . . . . . . . . . . . Core 7 | . . . . . . . . . 1 2 1 . 1 . 1 . . . . . . . . . . . 1 . . . . . Reactor 30 | . . . . . . . . . . . . . . . . . 2 . . 1 1 . 2 3 11 . 1 3 4 . 2 . Propulsion 112 | 2 8 5 1 . 5 11 12 2 1 11 7 . 5 4 3 15 3 . 1 . . . 1 2 8 . . 1 4 . . . Treads 107 | 2 7 5 . . 4 10 12 2 1 11 6 . 5 4 3 15 3 . 1 . . . 1 2 8 . . 1 4 . . . Leg . | . . . . . . . . . . . . . . . . . . . . . . . . . . . . . . . . . Wheel 5 | . 1 . 1 . 1 1 . . . . 1 . . . . . . . . . . . . . . . . . . . . . Hover . | . . . . . . . . . . . . . . . . . . . . . . . . . . . . . . . . . Flight . | . . . . . . . . . . . . . . . . . . . . . . . . . . . . . . . . . Utility 559 | 1 5 9 4 . 3 27 13 3 1 56 7 1 4 3 23 30 8 . 29 10 7 14 4 13 68 34 20 40 52 8 20 42 Device 402 | 1 3 5 4 . 2 20 12 3 . 44 5 1 1 2 12 24 3 . 23 4 5 12 . 9 42 27 8 28 43 7 16 36 Storage 16 | . 2 1 . . . 1 . . . 1 . . . . . 1 . . . . . . . . 3 1 2 2 1 . . 1 Processor 16 | . . . . . . 3 . . . . . . . . 2 . . . . . . . . . 4 1 . . 5 . 1 . Hackware 14 | . . . . . . . . . . 2 . . . . 1 . . . . 3 . . . . 1 . 3 1 . . . 3 Protection 105 | . . 3 . . 1 3 1 . 1 9 2 . 3 1 8 5 5 . 6 3 2 2 4 4 18 5 7 9 1 . 1 1 Artifact 6 | . . . . . . . . . . . . . . . . . . . . . . . . . . . . . 2 1 2 1 Weapon 368 | 1 8 13 10 . 8 24 32 7 7 69 9 3 5 6 10 25 9 1 7 7 4 9 . 9 26 10 2 15 6 9 5 12 Energy Gun 34 | . . 5 2 . 3 3 1 . 1 . . . . . . 1 . . . 2 . . . . . . . 1 2 4 1 8 Energy Cannon 86 | . . 2 1 . 1 5 4 . . 18 4 . 2 3 2 3 4 . 1 1 1 2 . 1 9 4 1 4 3 5 4 1 Ballistic Gun 45 | 1 5 1 . . 3 5 8 . 2 2 . . . . . 2 . . 3 3 1 2 . 1 1 3 . 2 . . . . Ballistic Cannon 87 | . . 3 3 . . 2 4 4 2 28 2 . . 1 2 7 2 . 3 . 1 3 . 1 8 2 1 5 1 . . 2 Launcher 72 | . 3 2 4 . 1 4 8 . . 7 3 2 1 2 4 7 3 . . 1 1 2 . 5 8 1 . 3 . . . . Special Weapon 6 | . . . . . . . 1 . 1 . . . . . . 4 . . . . . . . . . . . . . . . . Impact Weapon 1 | . . . . . . 1 . . . . . . . . . . . . . . . . . . . . . . . . . . Slashing Weapon 36 | . . . . . . 4 6 3 1 14 . 1 2 . 2 1 . 1 . . . . . 1 . . . . . . . . Piercing Weapon 1 | . . . . . . . . . . . . . . . . . . . . . . . . . . . . . . . . 1 Special Melee Weapon . | . . . . . . . . . . . . . . . . . . . . . . . . . . . . . . . . . Unidentified Prototypes 65 | . . 4 . . . 5 3 . . 1 . . . . . 1 2 . 2 3 . . 4 . 12 3 1 7 5 . 5 7 Corrupted Parts 42 | . . . . . 5 . . . . 1 2 . . 7 . 7 6 . 4 . . . . 5 2 . . . 3 . . . System Corruption 215 | . . . . . 9 . . . . 1 5 . . 51 . 41 34 . 27 . . . . 25 12 . . . 10 . . . Parts Lost 30 | . 3 3 . . 2 . 2 . . 8 1 . . . . 5 2 . . . . . . 1 2 . . 1 . . . . Power 8 | . 1 2 . . . . . . . 2 1 . . . . . . . . . . . . 1 1 . . . . . . . Propulsion 8 | . 1 . . . . . 1 . . 2 . . . . . 3 . . . . . . . . . . . 1 . . . . Utility 8 | . . 1 . . . . 1 . . 3 . . . . . 2 . . . . . . . . 1 . . . . . . . Weapon 6 | . 1 . . . 2 . . . . 1 . . . . . . 2 . . . . . . . . . . . . . . . Highest Loss Streak 5 | . 2 1 . . 1 . 1 . . 2 1 . . . . 5 1 . . . . . . 1 1 . . 1 . . . . To Critical Strikes . | . . . . . . . . . . . . . . . . . . . . . . . . . . . . . . . . . Average Slot Usage (%) 88 | . 97 99 100 100 99 99 99 99 99 97 92 93 92 92 93 96 87 76 81 77 78 79 77 74 79 81 80 78 71 68 70 70 Engine 5 | . 13 10 11 11 11 8 9 9 8 7 6 6 6 8 11 11 4 . . . . . . . . . . . . . . . Reactor 4 | . . . . . . . . . . . . . . . . . 5 11 11 9 10 10 10 6 8 9 9 13 12 7 7 6 Treads 23 | . 25 33 27 22 22 26 34 35 36 32 28 26 31 32 35 34 23 17 17 15 15 15 15 15 13 14 13 12 9 . . . Wheel 1 | . 1 . 5 11 10 9 1 . . . 3 6 . . . . . . . . . . . . . . . . . . . . Device 13 | . 14 11 11 11 8 9 9 9 9 12 10 13 6 10 10 11 14 11 17 14 15 17 15 15 18 19 18 16 13 20 21 19 Storage 6 | . 14 11 11 11 11 9 9 9 9 6 6 6 6 6 5 5 5 5 5 5 5 5 5 5 5 4 4 4 5 7 7 6 Processor 6 | . . . . . . 8 9 9 9 6 6 6 6 6 5 5 5 5 5 5 5 5 5 5 8 9 8 8 8 14 20 20 Hackware 1 | . . . . . . . . . . 6 . . . . 4 . . . . 2 3 . . . . . 3 4 2 . . . Protection 7 | . . 10 11 11 13 8 9 9 9 5 8 6 12 8 6 12 13 11 10 9 6 9 9 9 7 8 6 5 2 . . . Energy Gun 1 | . 3 15 11 11 18 4 . . . . . . . . . . . . . . . . . . . . . . 2 10 . 3 Energy Cannon 4 | . . . 1 . . 6 . . . 2 5 6 9 6 4 5 4 5 5 5 5 3 5 5 8 7 8 7 7 1 6 6 Ballistic Gun 2 | . 21 1 . . 1 4 8 9 9 . . . . . . . . . . 6 5 1 5 . . 2 . . . . . . Ballistic Cannon 2 | . . 4 3 . . 1 4 7 8 5 4 . . . 3 1 2 1 4 . 1 3 5 3 2 2 4 3 2 . . . Launcher 1 | . 1 . 4 11 1 . 1 1 . . 2 4 . 6 2 . 2 . . . 2 6 . 6 1 . . . . . . . Peak Build Rating 280 | 8 8 21 22 20 23 31 38 34 34 63 61 63 69 71 84 86 132 132 143 155 156 155 153 154 177 169 178 198 247 274 276 280 Average Rating 102 | 6 7 17 19 20 21 28 31 31 32 54 56 61 67 66 76 79 112 129 135 148 151 151 151 147 166 165 169 187 208 246 262 268 On Entrance 100 | 6 8 7 19 20 20 23 29 34 31 33 55 61 63 64 66 84 83 132 130 143 140 152 153 153 152 165 168 177 197 247 247 262 Naked Turns . | . . . . . . . . . . . . . . . . . . . . . . . . . . . . . . . . . Heaviest Build 219 | 14 31 103 104 101 110 185 109 107 108 143 138 129 136 148 160 165 175 175 162 166 166 165 164 163 183 174 175 219 218 75 71 77 Greatest Support 240 | 40 40 60 60 16 40 63 92 89 83 126 124 16 132 136 166 176 240 240 240 240 240 240 240 240 240 195 195 195 220 60 80 80 Greatest Overweight (x) 11 | . 1 1 6 6 6 11 6 1 1 1 8 8 8 1 1 1 . . . . . . . . 1 . . 1 1 1 1 1 Average Overweight (x) . | . . . 4 6 5 4 1 1 1 . 5 7 1 . . . . . . . . . . . . . . . . . . . Largest Inventory Capacity 25 | 8 15 25 25 25 25 25 25 25 25 25 25 25 25 25 25 25 25 25 25 25 25 25 25 25 25 25 25 25 25 10 10 10 Average Capacity 23 | 8 12 21 25 25 25 25 25 25 25 25 25 25 25 25 25 25 25 25 25 25 25 25 25 25 25 25 25 25 20 10 10 10 Most Carried 25 | 8 15 25 24 25 25 25 25 25 25 25 25 25 25 25 25 25 25 25 25 25 25 25 25 25 25 25 25 25 25 10 10 10 Average Carried 22 | 7 11 20 23 24 24 24 24 24 24 24 24 25 24 24 24 24 24 24 24 24 23 24 24 24 24 24 23 24 20 8 8 8 Final Capacity 25 | 8 15 25 25 25 25 25 25 25 25 25 25 25 25 25 25 25 25 25 25 25 25 25 25 25 25 25 25 25 10 10 10 10 Final Carried 25 | 8 15 23 24 25 24 25 25 25 25 24 25 25 25 25 25 25 25 25 25 25 24 25 25 25 25 25 23 25 10 9 8 8 Class Distribution -------------------- 35% | Mutant 18% | Scavenger-Mutant 18% | Scavenger-Gunner 7% | Gunner 6% | Alien-Sigix 3% | Hacker-Mutant Dominant Class ---------------- Mutant | -10/Materials Mutant | -9/Materials Mutant | -9/Mines Mutant | -9/Exiles Mutant | -8/Mines Mutant | -8/Materials Mutant | -8/Storage Mutant | -8/Recycling Mutant | -8/Scraptown Mutant | -6/Factory Scavenger-Mutant | -6/Lower Caves Scavenger-Mutant | -6/Lower Caves Mutant | -6/Zion Mutant | -5/Proximity Caves Scavenger-Mutant | -5/Factory Scavenger-Mutant | -5/Extension Scavenger-Mutant | -5/Cetus Scavenger-Mutant | -5/Archives Scavenger-Mutant | -5/Hub_04(d) Scavenger-Gunner | -4/Factory Scavenger-Gunner | -4/Upper Caves Scavenger-Gunner | -4/Upper Caves Scavenger-Gunner | -4/Zhirov Scavenger-Gunner | -3/Proximity Caves Scavenger-Gunner | -3/Research Scavenger-Tank | -3/Quarantine Scavenger-Gunner | -2/Research Gunner | -2/Testing Alien-Gunner | -2/Section 7 Alien-Sigix | -1/Access Alien-Sigix | -1/Command Alien-Sigix | -1/Access_0 Resources | -11 -10 -9 -9 -9 -8 -8 -8 -8 -8 -6 -6 -6 -6 -5 -5 -5 -5 -5 -5 -4 -4 -4 -4 -3 -3 -3 -2 -2 -2 -1 -1 -1 ----------- Run | Yrd Mat Mat Min Exi Min Mat Sto Rec Scr Fac Low Low Zio Pro Fac Ext Cet Arc Hub Fac Upp Upp Zhi Pro Res Qua Res Tes Sec Acc Com Ac0 Matter Collected 18161 | 238 374 568 202 56 155 891 1257 335 181 2619 590 141 192 170 671 1503 482 35 602 165 224 363 78 690 1844 721 269 781 744 92 425 503 Remotely 4047 | . . . . . . . . . . 1222 133 127 . . 533 469 . . 158 . 30 254 . 365 456 172 . . 128 . . . Salvage Created 38985 | 111 702 1406 352 . 476 1542 2035 495 . 3098 314 215 . 213 841 1875 487 72 685 268 616 463 401 1534 3405 1793 278 3344 6042 244 2845 2833 Parts 1643 | 10 52 69 21 . 26 87 100 18 . 145 14 1 . 14 33 84 22 6 28 18 16 17 4 47 120 90 11 134 166 18 93 179 Haulers Intercepted 18 | . 2 3 . . . 6 3 . . . . . . . . 1 . . . . . . . . 2 . . . 1 . . . Recyclers Shooed 12 | . 2 . . . . 2 3 . . 2 . . . . 1 1 . . . . . . . . . . 1 . . . . . Parts Field Recycled . | . . . . . . . . . . . . . . . . . . . . . . . . . . . . . . . . . Retrieved Matter . | . . . . . . . . . . . . . . . . . . . . . . . . . . . . . . . . . Parts Self-Destructed 43 | . . . . . . . . . . . 15 . 1 2 . . . . . . 6 4 1 14 . . . . . . . . Prevented 67 | . . . . . . . . . . . 13 . . 12 . . . . . . 6 14 2 20 . . . . . . . . Kills | -11 -10 -9 -9 -9 -8 -8 -8 -8 -8 -6 -6 -6 -6 -5 -5 -5 -5 -5 -5 -4 -4 -4 -4 -3 -3 -3 -2 -2 -2 -1 -1 -1 ------- Run | Yrd Mat Mat Min Exi Min Mat Sto Rec Scr Fac Low Low Zio Pro Fac Ext Cet Arc Hub Fac Upp Upp Zhi Pro Res Qua Res Tes Sec Acc Com Ac0 Combat Hostiles Destroyed 521 | . 18 18 13 . 11 23 42 2 . 51 6 . . 4 23 17 6 . 13 5 5 10 . 25 42 19 3 36 71 5 23 30 Melee 3 | . . . . . . . . . . 3 . . . . . . . . . . . . . . . . . . . . . . Guns 64 | . 10 14 5 . 10 7 10 . . 2 . . . . . . . . . . . . . . . 6 . . . . . . Cannons 239 | . . 1 1 . . 9 12 2 . 21 1 . . . 6 9 . . 13 5 2 1 . 8 8 6 2 13 61 5 23 30 AOE 125 | . 8 3 7 . 1 6 16 . . 17 3 . . 3 16 5 1 . . . 2 5 . 13 13 2 . 2 2 . . . Classes Destroyed 30 | 2 6 3 1 . 1 1 2 . . 1 . 2 . 1 . . . . . . . . . . 4 . . 1 3 2 . . Worker 28 | . 1 3 . . . . 2 . . 9 . . . . . 4 . . 4 2 . . . . 2 . . 1 . . . . Builder 29 | . . . . . . 6 4 . . 7 . . . . 1 5 . . . 1 . . . . 1 3 . 1 . . . . Tunneler 11 | 2 1 . 1 . . 1 . . . 3 . . . . . 2 . . 1 . . . . . . . . . . . . . Hauler 18 | . 2 3 . . . 6 3 . . . . . . . . 1 . . . . . . . . 2 . . . 1 . . . Recycler 30 | 1 1 3 1 . 1 2 2 6 . 4 . . . . . 3 . . 1 . . . . . 1 1 . . 1 . 2 . Carrier 2 | . . . . . . . . . . . . . . . . . . . . . . . . . . . . . 2 . . . Minesweeper 1 | . . . . . . . . . . . . 1 . . . . . . . . . . . . . . . . . . . . Mechanic 10 | . 1 . . . . . . . . 5 . . . . . . . . . . . . . 1 . 1 . . 2 . . . Operator 12 | . . 1 . . . 2 3 . . 1 . . . . . . . . . 1 . . . . 2 . . 2 . . . . Watcher 17 | . 1 3 . . . 3 . . . 3 . . . . . . 1 . . 1 . . . . . 2 . 2 1 . . . Swarmer 77 | . 9 . 2 . 6 7 7 . . 7 . . . . 4 . . . 4 3 . 7 . 5 6 . . . 7 . 3 . Cutter 4 | . . . . . . . . . . . . . . . . . . . . . . . . . . . . . . 4 . . Saboteur 2 | . . . . . . . . . . . . . . . . . . . . . . . . . . . . . 2 . . . Grunt 196 | . 9 13 4 . 4 7 23 . . 24 2 . . 2 16 8 . . 2 . 3 . . 13 7 8 . 21 23 . 7 . Brawler 15 | . . 2 1 . . . 2 . . . . . . . . . . . . . . 1 . 1 1 2 . 1 3 . 1 . Duelist 12 | . . . . . . . 1 . . 1 . . . . . . . . . . . 1 . 3 . . . 2 4 . . . Protector 5 | . . . . . . . 3 . . . . . . . . . . . . . . . . . . 1 . . 1 . . . Researcher 3 | . . . . . . . . . . . . . . . . . . . . . . . . . . . . 1 2 . . . Sentry 47 | . . 3 . . . 8 6 2 . 6 1 . . 1 . 5 . . 3 1 . 1 . 2 3 . 2 1 2 . . . Demolisher 2 | . . . . . . . . . . . . . . . . . . . . . . . . . 2 . . . . . . . Hunter 33 | . . . . . 1 1 . . . 8 2 . . . . 2 . . 2 . . . . . 7 2 . 2 2 . 4 . Programmer 46 | . . . . . . . . . . 5 1 . . . 3 . . . 2 1 2 . . 1 2 6 1 9 11 . 2 . Heavy 1 | . . . . . . . . . . . . . . . . . . . . . . . . . . . . . . 1 . . Behemoth 3 | . . . . . . . . . . . . . . 1 . 2 . . . . . . . . . . . . . . . . Cetus Guard 6 | . . . . . . . . . . . . . . . . . 6 . . . . . . . . . . . . . . . S7 Guard 1 | . . . . . . . . . . . . . . . . . . . . . . . . . . . . . 1 . . . M Guard 2 | . . . . . . . . . . . . . . . . . . . . . . . . . . . . . . . 2 . Enhanced Grunt 14 | . . . . . . . . . . . . . . . . . . . . . . . . . . . . . . . . 14 Enhanced Sentry 1 | . . . . . . . . . . . . . . . . . . . . . . . . . . . . . . . . 1 Enhanced Hunter 8 | . . . . . . . . . . . . . . . . . . . . . . . . . . . . . . . . 8 Tracker 4 | . . . . . . . . . . . . . . . . . . . . . . . . . . . . . 4 . . . Combat Programmer 4 | . . . . . . . . . . . . . . . . . . . . . . . . . . . . . 2 . 2 . Investigator 1 | . . . . . . . . . . . . . . . . . . . . . . . . . . . . . 1 . . . Striker 16 | . . . . . . . . . . . . . . . . . . . . . . . . . 11 . . . 5 . . . Executioner 5 | . . . . . . . . . . . . . . . . . . . . . . . . . 3 . . . 2 . . . Alpha 7 2 | . . . . . . . . . . . . . . . . . . . . . . . . . . . . . 2 . . . Samaritan 2 | . . . . . . . . . . . . 1 . . . . . . . . 1 . . . . . . . . . . . Assembled 6 | . . . 6 . . . . . . . . . . . . . . . . . . . . . . . . . . . . . Thug 1 | . . . . . . . . . . . . . . . . 1 . . . . . . . . . . . . . . . . Revision 2 | . . . . . . . . . . . . . . . . . . . . . . . . . 2 . . . . . . . Best Kill Streak 32 | 2 4 4 4 . 4 6 16 3 . 8 2 1 . 3 7 8 5 . 5 2 3 4 . 8 10 5 2 7 32 5 8 4 Combat Bots Only 28 | . 4 4 4 . 4 3 13 1 . 7 2 . . 3 7 3 4 . 4 2 3 4 . 8 10 4 2 5 28 5 8 4 Max Kills in Single Turn 7 | 1 3 2 3 . 2 2 7 1 . 4 2 1 . 2 4 4 1 . 2 1 2 2 . 4 4 2 1 2 3 3 2 2 Gunslinging 1 | . . 1 . . 1 . . . . . . . . . . . . . . . . . . . . . . . . . . . Exploded 7 | . 2 1 2 . 1 2 7 . . 3 2 . . 2 4 2 1 . . . 2 2 . 3 4 1 . 1 2 . . . Melee 1 | . . . . . . . . . . 1 . . . . . . . . . . . . . . . . . . . . . . Uniques/NPCs Destroyed 9 | . . . . . . . . . . . . . . . . . . . . . . . . . . . . . . . 2 7 MAIN.C Shell (-1/Command) MAIN.C (-1/Command) A8 (-1/Access_0) A6 (-1/Access_0) A2 (-1/Access_0) A5 (-1/Access_0) Architect (-1/Access_0) A4 (-1/Access_0) A3 (-1/Access_0) Combat | -11 -10 -9 -9 -9 -8 -8 -8 -8 -8 -6 -6 -6 -6 -5 -5 -5 -5 -5 -5 -4 -4 -4 -4 -3 -3 -3 -2 -2 -2 -1 -1 -1 -------- Run | Yrd Mat Mat Min Exi Min Mat Sto Rec Scr Fac Low Low Zio Pro Fac Ext Cet Arc Hub Fac Upp Upp Zhi Pro Res Qua Res Tes Sec Acc Com Ac0 Hostile Shots Fired 2634 | . 81 31 25 . 48 101 95 4 . 471 104 . . 21 56 126 19 . 106 11 10 29 . 114 131 76 18 158 346 16 88 349 Missed 817 | . 19 13 6 . 11 36 27 . . 135 48 . . 9 18 39 8 . 10 6 2 7 . 31 35 23 6 51 105 8 28 136 Intercepted 3 | . . . . . . . . . . . . . . . . . . . . . . . . . 3 . . . . . . . Damage Taken 29212 | . 736 448 273 . 560 861 1321 60 . 4171 885 . 30 286 917 1924 121 . 1675 191 159 386 . 1942 2917 625 230 2061 2496 177 1352 2408 Core 3374 | . 200 49 24 . 53 81 136 15 . 234 53 . . . 46 31 17 . 91 19 18 12 . 46 78 45 12 75 585 75 620 759 Absorbed by Shields 5513 | . . 44 . . . 17 . . . 987 . . . . . 78 76 . . . . . . . 27 346 59 1159 1391 112 236 981 Reduced by Siege Mode 761 | . . . . . . . . . . . . . . . . . . . 113 . 11 6 . 82 276 102 9 125 37 . . . Redirected to Shielding 23 | . . 23 . . . . . . . . . . . . . . . . . . . . . . . . . . . . . . Ignored by Resistances 7716 | . . . . . . . . . . 417 . . . . . 178 80 . . . . . . . . . . . 2288 270 1328 3155 Regen/Repaired (Parts) 6316 | . 131 . . . . 455 . . . 351 . . 905 . 725 . . . . 1001 . . . . 381 . . 1182 1185 . . . Core Remaining (%) 64 | 100 20 . . . 68 . . . 57 . . . . 66 . . . . 81 . . . . 85 . 90 . . 53 . . 26 Volleys Fired 1727 | 8 83 62 19 . 26 84 90 19 . 168 22 14 . 13 32 99 13 . 55 25 26 16 16 58 156 72 16 140 171 19 69 136 Largest 3 | 2 2 2 2 . 2 2 2 2 . 2 2 1 . 2 2 2 2 . 2 1 2 2 1 2 2 3 1 3 2 2 1 1 Hottest 310 | 60 60 90 95 . 105 136 107 69 . 123 119 69 . 105 143 159 112 . 138 90 125 143 100 130 207 207 120 310 200 200 180 180 Shots Fired 2322 | 16 152 102 36 . 44 161 166 27 . 260 30 14 1 22 48 153 15 . 84 25 28 24 16 71 168 102 16 147 171 20 69 134 Gun 600 | 16 145 89 18 . 42 66 81 21 . 27 . . . . . 10 . . . . 2 . . . . 37 . 8 19 10 6 3 Cannon 1508 | . . 11 13 . 1 91 67 6 . 210 21 11 . 13 36 102 8 . 84 25 26 7 16 49 140 61 16 138 152 10 63 131 Launcher 194 | . 7 2 5 . 1 4 18 . . 23 9 3 1 9 12 21 7 . . . . 17 . 22 28 4 . 1 . . . . Special 20 | . . . . . . . . . . . . . . . . 20 . . . . . . . . . . . . . . . . Kinetic 663 | 8 128 15 7 . 3 42 135 27 . 144 6 . . 1 11 40 . . 41 . 2 . . 2 2 37 . 11 1 . . . Thermal 512 | . . 3 6 . 1 99 . . . 36 . . . . 16 20 4 . 43 25 19 2 . 43 35 36 7 52 62 3 . . Explosive 51 | . 7 2 5 . 1 . . . . 7 1 3 1 1 6 3 . . . . . . . 5 9 . . . . . . . Electromagnetic 775 | 8 17 82 18 . 39 20 31 . . 73 23 11 . 20 15 70 11 . . . 7 22 16 21 122 29 9 84 27 . . . Slashing 301 | . . . . . . . . . . . . . . . . . . . . . . . . . . . . . 81 17 69 134 Robot Hit Streak 38 | 4 11 10 5 . 7 12 12 7 . 14 4 7 . 13 5 27 26 . 15 12 11 11 11 9 20 19 16 25 26 12 38 19 Robot Miss Streak 11 | 1 6 6 3 . 4 3 8 4 . 9 5 1 . 4 5 7 1 . 3 2 2 2 3 11 2 2 2 5 11 3 8 8 Penetration Max 2 | . . . . . . . . . . . . . . . . 1 . . . . . . . . . 2 . . 1 1 1 1 Secondary Targets 5 | . 1 1 . . 3 . . . . . . . . . . . . . . . . . . . . . . . . . . . Max Gunslinging Chain 1 | . 1 1 . . 1 . . . . . . . . . . . . . . . . . . . . . . . . . . . Capacitor 747 | . . . . . . . . . . . . . . . . . . . . 19 25 2 16 45 134 45 16 130 98 16 67 134 Shots Hit Robots 1696 | 10 96 72 18 . 34 126 126 20 . 224 17 11 . 18 27 126 8 2 56 20 17 16 14 49 103 73 11 95 124 7 63 113 Core Hits 1609 | 4 47 53 22 . 26 60 133 19 . 213 13 4 . 14 66 76 23 1 25 12 13 14 20 81 82 49 6 47 163 11 96 216 Critical Kills 16 | . . . . . . 1 1 . . . . . . . . . . . 1 1 . . . . 1 7 . . 4 . . . Critical Parts Destroyed 4 | . . . . . . 1 . . . . . . . . . 1 . . . . . . . . . 2 . . . . . . Critical Strikes 55 | . . . . . . 2 1 . . 1 . . . 1 . 4 . . 6 1 . . . . 3 9 1 2 14 . 2 8 Meltdown 9 | . . . . . . 1 . . . . . . . . . . . . 1 1 . . . . 1 2 . . 3 . . . Destroy 11 | . . . . . . 1 1 . . . . . . . . 1 . . . . . . . . . 7 . . 1 . . . Blast 8 | . . . . . . . . . . 1 . . . . . 2 . . 5 . . . . . . . . . . . . . Corrupt 8 | . . . . . . . . . . . . . . 1 . 1 . . . . . . . . 2 . 1 2 1 . . . Sever 19 | . . . . . . . . . . . . . . . . . . . . . . . . . . . . . 9 . 2 8 Melee Attacks 121 | . . . . . . 8 17 5 . 84 . 2 1 . 1 1 . 2 . . . . . . . . . . . . . . Impact . | . . . . . . . . . . . . . . . . . . . . . . . . . . . . . . . . . Slashing 121 | . . . . . . 8 17 5 . 84 . 2 1 . 1 1 . 2 . . . . . . . . . . . . . . Piercing . | . . . . . . . . . . . . . . . . . . . . . . . . . . . . . . . . . Sneak Attacks 25 | . . . . . . 5 4 . . 16 . . . . . . . . . . . . . . . . . . . . . . Combat Hostiles . | . . . . . . . . . . . . . . . . . . . . . . . . . . . . . . . . . Follow-up Attacks . | . . . . . . . . . . . . . . . . . . . . . . . . . . . . . . . . . Damage Inflicted 99589 | 140 1526 1593 725 . 635 3290 4925 440 . 8829 659 366 . 640 2717 4136 965 232 2079 722 765 932 238 4460 6509 2821 484 4913 15144 1059 9412 18233 Guns 6791 | 140 915 1134 167 . 419 1047 1283 355 . 217 . . . . . 58 . . . . . . . . . 360 . 8 506 . 182 . Cannons 68373 | . . 156 90 . 18 1283 1082 73 . 4135 242 243 . 210 647 2530 194 . 1827 706 643 123 238 1274 3265 1872 457 4446 14164 1014 9208 18233 Explosions 21343 | . 598 291 468 . 179 579 2295 . . 3091 417 . . 430 2070 1454 771 . . . 122 809 . 3186 3244 589 . 429 321 . . . Melee 2449 | . . . . . . 349 265 . . 1386 . 123 . . . 94 . 232 . . . . . . . . . . . . . . Ramming 633 | . 13 12 . . 19 32 . 12 . . . . . . . . . . 252 16 . . . . . . 27 30 153 45 22 . Kinetic 8899 | 32 710 135 72 . 17 609 2127 428 . 2450 70 . . . 120 860 . . 805 . . . . 46 . 360 . 41 17 . . . Thermal 14642 | . 88 326 18 . 69 1742 547 . . 1282 60 . . . 478 648 176 . 1022 706 506 68 . 1281 736 945 207 1632 2105 . . . Explosive 8121 | . 510 . 468 . 128 . . . . 1728 101 . . 279 1610 523 . . . . . . . 1594 1180 . . . . . . . Electromagnetic 24129 | 108 205 1120 167 . 402 558 1986 . . 1983 428 243 . 361 509 2011 789 . . . 259 864 238 1539 4593 1516 250 3210 790 . . . Impact . | . . . . . . . . . . . . . . . . . . . . . . . . . . . . . . . . . Slashing 43165 | . . . . . . 349 265 . . 1386 . 123 . . . 94 . 232 . . . . . . . . . . 12079 1014 9390 18233 Piercing . | . . . . . . . . . . . . . . . . . . . . . . . . . . . . . . . . . Highest Corruption 96 | . . 2 2 2 11 1 3 3 . 8 15 15 15 51 5 41 68 68 96 . 1 1 1 30 15 15 . 8 26 . 1 5 Average Corruption 10 | . . 2 2 2 2 1 2 3 . 5 13 15 15 34 2 29 57 68 68 . 1 1 1 11 12 5 . 4 18 . 1 4 Corruption Purged 13 | . . . . . . . . . . . . . . . 5 3 4 . . . . . . . . . . 1 . . . . Corruption Blocked . | . . . . . . . . . . . . . . . . . . . . . . . . . . . . . . . . . Effects 866 | . . 25 8 5 15 1 25 29 . 70 47 25 5 14 8 59 36 5 58 . 10 7 3 46 173 23 . 51 80 . 6 32 Message Errors 192 | . . 5 1 . 4 . 7 3 . 15 8 5 1 1 2 14 9 . 12 . 1 . 1 17 42 6 . 15 17 . 1 5 Matter Fused 208 | . . 4 4 1 3 . 8 8 . 18 17 8 1 4 2 12 14 1 6 . 3 4 1 5 38 6 . 16 14 . 2 8 Heat Flow Errors 106 | . . 4 1 1 1 . 2 8 . 7 7 2 1 2 2 9 4 2 5 . 2 1 . 5 21 2 . 6 5 . 2 4 Energy Discharges 92 | . . 3 . 1 4 . . 3 . 12 7 4 . 3 1 3 3 . 6 . 1 . . 4 19 1 . 7 8 . . 2 Parts Rejected 8 | . . . . . . . . . . . . . . . . 1 . . 1 . . . . . 1 . . 1 3 . . 1 Parts Fused 5 | . . . . . . . . . . . . . . . . 2 . . . . . . . 1 2 . . . . . . . Data Loss (minor) 106 | . . 3 . 1 2 . 4 3 . 10 1 4 . 1 . 8 2 2 4 . 2 1 1 10 28 2 . 2 11 . 1 3 Data Loss (major) 44 | . . 6 1 1 . . . 1 . 1 1 2 1 3 . 2 . . 2 . . . . . 8 3 . 1 6 . . 5 Misfires 34 | . . . . . 1 . 3 3 . 3 1 . 1 . . 1 1 . 1 . 1 . . 2 9 . . 3 3 . . 1 Alerts 16 | . . . 1 . . . . . . 2 3 . . . . 2 . . . . . 1 . 1 3 1 . . 2 . . . Misdirections 11 | . . . . . . . . . . . 2 . . . . . . . 4 . . . . . . . . . 5 . . . Weapon Failures 44 | . . . . . . 1 1 . . 2 . . . . 1 5 3 . 17 . . . . 1 2 2 . . 6 . . 3 Overload Shots 6 | . . . . . . . . . . . . . . . . . . . . . . . . . . . . 2 1 3 . . Overflow Damage 2363 | . 39 . 55 . . 140 119 . . 318 8 90 . 4 88 97 11 106 76 25 74 7 24 118 135 66 12 230 355 . 48 118 Projectiles 1215 | . . . 15 . . 5 . . . 33 . . . . 18 30 . . 43 25 74 2 24 57 60 66 12 230 355 . 48 118 Explosions 341 | . 39 . 40 . . 18 8 . . 2 8 . . 4 70 . 11 . . . . 5 . 61 75 . . . . . . . Melee 807 | . . . . . . 117 111 . . 283 . 90 . . . 67 . 106 33 . . . . . . . . . . . . . Knockbacks 65 | . . . 1 . . 3 13 . . 39 1 . . . 1 . . . 4 . . . . . . . 1 . 2 . . . Impact 6 | . . . . . . 1 . . . . . . . . . . . . 2 . . . . . . . 1 . 2 . . . Kinetic 53 | . . . 1 . . 2 11 . . 35 1 . . . 1 . . . 2 . . . . . . . . . . . . . Secondary 6 | . . . . . . . 2 . . 4 . . . . . . . . . . . . . . . . . . . . . . Self-Inflicted Damage 1664 | . 45 180 7 . 84 71 269 . . 221 63 . 30 25 48 . . . . . . 59 . 350 179 16 . 17 . . . . Shots 73 | . 2 5 1 . 2 4 11 . . 9 5 . 1 1 3 . . . . . . 3 . 12 10 2 . 2 . . . . Rammed 22 | . 2 2 . . 1 4 . 1 . . . . . . . . . . 8 1 . . . . . . 2 1 . . . . Targets Rammed 37 | . 2 3 . . 1 4 . 1 . . . . . . . . . . 12 1 . . . . . . 2 2 6 2 1 . Kicked 9 | . . . . . . . . . . . . . . . . . . . . . . . . . . . . . 6 2 1 . Crushed 6 | . . 1 . . . . . . . . . . . . . . . . 4 . . . . . . . . 1 . . . . Highest Temperature 600 | 40 177 272 297 244 393 264 216 215 . 274 600 140 203 186 338 432 186 230 257 210 205 104 308 361 370 120 424 418 166 108 108 58 Average Temperature 87 | 19 55 57 109 125 130 68 68 83 . 62 158 41 110 73 93 104 54 112 69 76 76 36 129 142 91 26 142 128 55 52 85 17 Received Heat Transfer 4139 | . 345 82 51 . 162 241 522 18 . 773 63 . . 69 207 674 9 . 99 . 12 9 . 135 133 59 18 173 157 8 35 85 Effects 31 | . . . 4 . 1 . . . . 4 6 . . . 3 3 . . . . . . . 2 4 . 1 3 . . . . Shutdowns 6 | . . . . . . . . . . . 2 . . . 1 2 . . . . . . . . . . 1 . . . . . Energy Bleed 3 | . . . . . . . . . . . . . . . 1 . . . . . . . . 2 . . . . . . . . Interference 20 | . . . 4 . . . . . . 4 4 . . . 1 . . . . . . . . . 4 . . 3 . . . . Short Circuit 1 | . . . . . 1 . . . . . . . . . . . . . . . . . . . . . . . . . . . Damage (minor) 1 | . . . . . . . . . . . . . . . . 1 . . . . . . . . . . . . . . . . Siege Activations 80 | . . . . . . . . . . . . . . . . . . . 6 2 3 3 . 9 20 11 2 12 12 . . . Total Turns 822 | . . . . . . . . . . . . . . . . . . . 105 7 18 70 . 56 188 127 12 135 104 . . . Longest Duration 60 | . . . . . . . . . . . . . . . . . . . 29 6 12 60 . 17 25 27 11 25 50 . . . Robots Corrupted 89 | . . . . . . 1 4 . . 8 2 . . 1 1 5 5 . . . 1 4 . 4 21 5 1 21 5 . . . Combat Hostiles 85 | . . . . . . 1 4 . . 8 2 . . 1 1 3 5 . . . 1 4 . 4 21 3 1 21 5 . . . Parts Fried 175 | . 1 3 . . . 2 4 . . 18 1 5 . 2 5 9 9 . . . 3 2 . 8 41 15 . 40 7 . . . Impact Corruptions 4 | . . . . . . . . . . . . . . . . . . . 3 . . . . . . . . . . 1 . . Robots Melted 9 | . . . . . . 1 . . . . . . . . . . . . 1 1 . . . . 1 2 . . 3 . . . Combat Hostiles 5 | . . . . . . . . . . . . . . . . . . . . . . . . . . 2 . . 3 . . . Parts Melted 43 | . . . . . 2 1 . . . 3 . . . . 2 3 . . 3 1 2 . . 2 6 6 1 . 10 1 . . Heat Transferred 16292 | . 200 424 37 . 187 3064 805 . . 1451 50 . . . 550 1100 300 . 1537 740 470 74 . 1260 535 703 148 1125 1532 . . . Parts Sabotaged . | . . . . . . . . . . . . . . . . . . . . . . . . . . . . . . . . . Parts Stolen . | . . . . . . . . . . . . . . . . . . . . . . . . . . . . . . . . . Parts Stripped . | . . . . . . . . . . . . . . . . . . . . . . . . . . . . . . . . . Power Chain Reactions 43 | . 1 6 . . 1 4 6 . . 4 1 . . . 2 5 1 . . . 1 . . 2 6 . . 2 1 . . . Alert | -11 -10 -9 -9 -9 -8 -8 -8 -8 -8 -6 -6 -6 -6 -5 -5 -5 -5 -5 -5 -4 -4 -4 -4 -3 -3 -3 -2 -2 -2 -1 -1 -1 ------- Run | Yrd Mat Mat Min Exi Min Mat Sto Rec Scr Fac Low Low Zio Pro Fac Ext Cet Arc Hub Fac Upp Upp Zhi Pro Res Qua Res Tes Sec Acc Com Ac0 Peak Influence 3115 | 15 268 229 348 . 163 418 1090 425 . 1378 . . . . 430 486 328 384 464 197 . . . . 1402 1015 298 548 3115 2516 2062 . Initial 1868 | . 9 12 84 . . 25 176 390 . . . . . . . 169 186 75 127 178 . . . . 79 788 292 85 282 1868 1609 . Average 366 | 6 86 151 224 . 44 207 703 236 . 398 . . . . 126 294 264 181 280 111 . . . . 360 750 134 293 1031 2161 1807 . Maximum Alert Level 5 | . 1 1 1 . . 2 3 2 . 4 . . . . 2 2 1 1 2 . . . . . 4 3 1 2 5 5 5 . Low Security (%) 46 | 100 96 68 57 . 100 51 8 38 . 31 . . . . 71 30 42 65 30 100 . . . . 71 . 60 22 . . . . Level 1 23 | . 3 31 42 . . 47 26 44 . 27 . . . . 13 39 57 34 52 . . . . . . . 39 53 13 . . . Level 2 12 | . . . . . . 1 9 16 . 20 . . . . 15 29 . . 16 . . . . . 1 24 . 24 48 . . . Level 3 9 | . . . . . . . 55 . . 16 . . . . . . . . . . . . . . 10 75 . . 12 . . . Level 4 2 | . . . . . . . . . . 2 . . . . . . . . . . . . . . 15 . . . . . . . Level 5 3 | . . . . . . . . . . . . . . . . . . . . . . . . . . . . . . 71 100 . High Security . | . . . . . . . . . . . . . . . . . . . . . . . . . . . . . . . . . Max Security 1 | . . . . . . . . . . . . . . . . . . . . . . . . . . . . . 26 28 . . Squads Dispatched 124 | . 2 2 2 . . 3 10 . . 15 . . . . 7 2 . . 2 2 . . . 1 11 5 3 13 32 11 1 . Investigation 15 | . 2 . . . . . . . . 1 . . . . 4 . . . 1 . . . . . 4 . . 2 . 1 . . Extermination 19 | . . . . . . . . . . 5 . . . . 2 . . . 1 2 . . . . . 2 1 4 2 . . . Reinforcement 36 | . . 2 1 . . 3 3 . . 5 . . . . 1 2 . . . . . . . . 7 1 1 4 4 2 . . Assault 43 | . . . 1 . . . 7 . . 2 . . . . . . . . . . . . . 1 . 2 . 2 20 7 1 . Garrison 5 | . . . . . . . . . . 2 . . . . . . . . . . . . . . . . 1 1 . 1 . . Intercept 6 | . . . . . . . . . . . . . . . . . . . . . . . . . . . . . 6 . . . Searches Triggered . | . . . . . . . . . . . . . . . . . . . . . . . . . . . . . . . . . Construction Impeded 9 | . . 1 1 . . . 1 . . 2 . . . . 1 2 . . . . . . . . 1 . . . . . . . Haulers Reinforced 4 | . . . . . . . . . . 1 . . . . . . . . . . . . . . 3 . . . . . . . Active Scanning Responses . | . . . . . . . . . . . . . . . . . . . . . . . . . . . . . . . . . Cargo Convoy Interrupts . | . . . . . . . . . . . . . . . . . . . . . . . . . . . . . . . . . Stealth | -11 -10 -9 -9 -9 -8 -8 -8 -8 -8 -6 -6 -6 -6 -5 -5 -5 -5 -5 -5 -4 -4 -4 -4 -3 -3 -3 -2 -2 -2 -1 -1 -1 --------- Run | Yrd Mat Mat Min Exi Min Mat Sto Rec Scr Fac Low Low Zio Pro Fac Ext Cet Arc Hub Fac Upp Upp Zhi Pro Res Qua Res Tes Sec Acc Com Ac0 Distress Signals 46 | . 1 7 . . . 4 2 . . 1 . . . . 1 1 2 . . . . . . . 4 . 2 2 3 . 16 . Communications Jammed 64 | . . . . . . . . . . . . . . . . 44 . . 19 . . . . . . . . . 1 . . . Distress Signals 61 | . . . . . . . . . . . . . . . . 44 . . 16 . . . . . . . . . 1 . . . Times Spotted 790 | . 30 36 13 . 15 38 63 1 . 78 9 . . 4 31 32 9 6 17 9 6 10 . 28 51 26 6 53 119 19 30 51 Peak Tracking Total 23 | . 6 5 6 . 4 5 14 1 . 5 3 . . 3 5 5 5 6 3 4 3 4 . 9 6 5 4 6 23 16 12 11 Tactical Retreats 52 | . . 3 2 . 2 2 5 . . 6 2 . . . 1 2 . . 1 1 1 . . 3 2 1 1 4 5 3 3 2 Traps | -11 -10 -9 -9 -9 -8 -8 -8 -8 -8 -6 -6 -6 -6 -5 -5 -5 -5 -5 -5 -4 -4 -4 -4 -3 -3 -3 -2 -2 -2 -1 -1 -1 ------- Run | Yrd Mat Mat Min Exi Min Mat Sto Rec Scr Fac Low Low Zio Pro Fac Ext Cet Arc Hub Fac Upp Upp Zhi Pro Res Qua Res Tes Sec Acc Com Ac0 Traps Triggered 25 | . 6 1 . . . . . . . 2 . . . . 2 5 . . . 1 . . . . 4 1 . 2 . 1 . . Indirectly 6 | . . . . . . . . . . . . . . . . 5 . . . . . . . . . . . 1 . . . . Trap Hack Attempts . | . . . . . . . . . . . . . . . . . . . . . . . . . . . . . . . . . Triggered . | . . . . . . . . . . . . . . . . . . . . . . . . . . . . . . . . . Disarmed . | . . . . . . . . . . . . . . . . . . . . . . . . . . . . . . . . . Reprogrammed . | . . . . . . . . . . . . . . . . . . . . . . . . . . . . . . . . . Reused . | . . . . . . . . . . . . . . . . . . . . . . . . . . . . . . . . . Traps Extracted . | . . . . . . . . . . . . . . . . . . . . . . . . . . . . . . . . . Installed . | . . . . . . . . . . . . . . . . . . . . . . . . . . . . . . . . . Triggered . | . . . . . . . . . . . . . . . . . . . . . . . . . . . . . . . . . Machines | -11 -10 -9 -9 -9 -8 -8 -8 -8 -8 -6 -6 -6 -6 -5 -5 -5 -5 -5 -5 -4 -4 -4 -4 -3 -3 -3 -2 -2 -2 -1 -1 -1 ---------- Run | Yrd Mat Mat Min Exi Min Mat Sto Rec Scr Fac Low Low Zio Pro Fac Ext Cet Arc Hub Fac Upp Upp Zhi Pro Res Qua Res Tes Sec Acc Com Ac0 Machines Disabled 75 | . 1 1 . . . 3 9 . . 8 . . . . . 1 . 1 1 . . . . . 2 . . 9 15 4 3 17 Max in Single Turn 3 | . 1 1 . . . 1 3 . . 2 . . . . . . . . 1 . . . . . 1 . . 1 2 1 1 2 Garrison Access 8 | . . . . . . . 1 . . 1 . . . . 1 . . . . . . . . . 2 1 . 1 . 1 . . Network Hub 1 | . . . . . . . . . . . . . . . . . . . 1 . . . . . . . . . . . . . Machines Repaired . | . . . . . . . . . . . . . . . . . . . . . . . . . . . . . . . . . Machines Dismantled 1 | . . . . . . . 1 . . . . . . . . . . . . . . . . . . . . . . . . . Machines Sabotaged 1 | . . . . . . . . . . . . . . . . . . . 1 . . . . . . . . . . . . . Overloaded Fab Kills . | . . . . . . . . . . . . . . . . . . . . . . . . . . . . . . . . . Hacking | -11 -10 -9 -9 -9 -8 -8 -8 -8 -8 -6 -6 -6 -6 -5 -5 -5 -5 -5 -5 -4 -4 -4 -4 -3 -3 -3 -2 -2 -2 -1 -1 -1 --------- Run | Yrd Mat Mat Min Exi Min Mat Sto Rec Scr Fac Low Low Zio Pro Fac Ext Cet Arc Hub Fac Upp Upp Zhi Pro Res Qua Res Tes Sec Acc Com Ac0 Machines Accessed 89 | . 9 5 . 1 . 4 4 5 2 11 1 . . . 7 1 . 1 1 3 . 1 4 . 7 3 1 8 5 2 1 2 Terminals 47 | . 7 5 . . . 2 3 5 . 6 . . . . 4 1 . . 1 2 . . . . . 1 1 4 3 1 1 . Fabricators 3 | . . . . . . . . . . . . . . . . . . . . . . . . . 2 . . 1 . . . . Repair Stations 10 | . 1 . . . . 1 . . . 2 . . . . 1 . . . . 1 . . . . 1 . . 2 1 . . . Recycling Units 1 | . 1 . . . . . . . . . . . . . . . . . . . . . . . . . . . . . . . Scanalyzers 8 | . . . . . . 1 . . . 2 . . . . 1 . . . . . . . . . 1 1 . 1 1 . . . Garrison Access 8 | . . . . . . . 1 . . 1 . . . . 1 . . . . . . . . . 3 1 . . . 1 . . Total Hacks 335 | . 23 14 . 5 . 42 5 20 14 29 2 . . . 23 1 . 25 1 20 . 1 13 . 25 5 10 20 14 3 2 18 Successful 213 | . 8 4 . 5 . 35 3 4 14 19 2 . . . 14 1 . 25 1 9 . 1 13 . 11 3 7 9 4 2 1 18 Failed 121 | . 14 10 . . . 7 2 16 . 10 . . . . 9 . . . . 11 . . . . 14 2 3 11 10 1 1 . Catastrophic 21 | . 3 3 . . . 2 1 3 . 1 . . . . 1 . . . . 1 . . . . 2 . . 2 2 . . . Database Lockouts 1 | . 1 . . . . . . . . . . . . . . . . . . . . . . . . . . . . . . . Manual 110 | . 13 10 . . . 6 2 17 . 10 . . 1 . 6 1 1 . 1 7 . . . . 13 2 7 8 4 1 . . Terminals 133 | . 19 14 . . . 7 4 20 . 17 . . . . 13 1 . . 1 9 . . . . . 1 10 8 5 2 2 . Fabricators 17 | . . . . . . . . . . . . . . . . . . . . . . . . . 10 . . 7 . . . . Repair Stations 58 | . 2 . . . . 23 . . . 6 . . . . 3 . . . . 11 . . . . 3 . . 4 6 . . . Recycling Units 2 | . 2 . . . . . . . . . . . . . . . . . . . . . . . . . . . . . . . Scanalyzers 30 | . . . . . . 12 . . . 4 . . . . 5 . . . . . . . . . 3 2 . 1 3 . . . Garrison Access 17 | . . . . . . . 1 . . 2 . . . . 2 . . . . . . . . . 9 2 . . . 1 . . Terminal Hacks 117 | . 4 4 . 5 . 1 2 3 14 6 2 . . . 3 1 . 25 . 1 . 1 13 . . 1 7 2 2 1 1 18 Record 69 | . . . . 5 . . . . 14 . 2 . . . . . . 25 . . . . 5 . . 1 . . . . . 17 Part Schematic 7 | . 2 . . . . . . . . . . . . . . . . . . . . . 4 . . . 1 . . . . . Robot Analysis 3 | . 1 1 . . . . . 1 . . . . . . . . . . . . . . . . . . . . . . . . Prototype ID Bank 5 | . . . . . . . . 1 . . . . . . . . . . . . . . 4 . . . . . . . . . Open Door 4 | . . . . . . . 2 . . . . . . . . . . . . . . 1 . . . . . . . . 1 . Level Access Points 1 | . . . . . . . . . . . . . . . . . . . . 1 . . . . . . . . . . . . Branch Access Points 6 | . . 1 . . . 1 . . . 1 . . . . 1 . . . . . . . . . . . 1 . . 1 . . Terminal Index 1 | . . . . . . . . . . . . . . . . . . . . . . . . . . . 1 . . . . . Alert Level 2 | . . . . . . . . 1 . . . . . . . . . . . . . . . . . . 1 . . . . . Unreport Threat 8 | . 1 . . . . . . . . 1 . . . . 1 1 . . . . . . . . . . 2 2 . . . . Locate Traps 2 | . . 1 . . . . . . . . . . . . 1 . . . . . . . . . . . . . . . . . Patrol Status 1 | . . . . . . . . . . 1 . . . . . . . . . . . . . . . . . . . . . . Recall Reinforcements 1 | . . . . . . . . . . . . . . . . . . . . . . . . . . . . . 1 . . . Hauler Manifests 1 | . . 1 . . . . . . . . . . . . . . . . . . . . . . . . . . . . . . Zone Layout 4 | . . . . . . . . . . 3 . . . . . . . . . . . . . . . . 1 . . . . . Activate Exoskeleton 1 | . . . . . . . . . . . . . . . . . . . . . . . . . . . . . 1 . . . Gate Test 138-END 1 | . . . . . . . . . . . . . . . . . . . . . . . . . . . . . . . . 1 Fabricator Hacks 7 | . . . . . . . . . . . . . . . . . . . . . . . . . 3 . . 4 . . . . Network Status 1 | . . . . . . . . . . . . . . . . . . . . . . . . . . . . 1 . . . . Load Schematic 3 | . . . . . . . . . . . . . . . . . . . . . . . . . 1 . . 2 . . . . Build 3 | . . . . . . . . . . . . . . . . . . . . . . . . . 2 . . 1 . . . . Repair Station Hacks 41 | . 2 . . . . 21 . . . 4 . . . . 2 . . . . 8 . . . . 2 . . . 2 . . . Scan Component 21 | . 1 . . . . 11 . . . 2 . . . . 1 . . . . 4 . . . . 1 . . . 1 . . . Repair 20 | . 1 . . . . 10 . . . 2 . . . . 1 . . . . 4 . . . . 1 . . . 1 . . . Recycling Unit Hacks 1 | . 1 . . . . . . . . . . . . . . . . . . . . . . . . . . . . . . . Retrieve Components 1 | . 1 . . . . . . . . . . . . . . . . . . . . . . . . . . . . . . . Scanalyzer 23 | . . . . . . 12 . . . 4 . . . . 5 . . . . . . . . . 2 . . . . . . . Insert Component 13 | . . . . . . 7 . . . 2 . . . . 3 . . . . . . . . . 1 . . . . . . . Analyze 10 | . . . . . . 5 . . . 2 . . . . 2 . . . . . . . . . 1 . . . . . . . Garrison Access Hacks 5 | . . . . . . . 1 . . 1 . . . . 2 . . . . . . . . . . 1 . . . . . . Unlock Access 1 | . . . . . . . . . . . . . . . 1 . . . . . . . . . . . . . . . . . Seal Access 4 | . . . . . . . 1 . . 1 . . . . 1 . . . . . . . . . . 1 . . . . . . Unauthorized Hacks 19 | . 1 . . . . 1 . 1 . 4 . . . . 2 . . . 1 . . . . . 4 1 . 3 . 1 . . Terminals 8 | . 1 . . . . 1 . 1 . 3 . . . . 1 . . . 1 . . . . . . . . . . . . . Botnet 6 | . 1 . . . . 1 . 1 . 2 . . . . 1 . . . . . . . . . . . . . . . . . Operators 1 | . . . . . . . . . . 1 . . . . . . . . . . . . . . . . . . . . . . Sabotage 1 | . . . . . . . . . . . . . . . . . . . 1 . . . . . . . . . . . . . Fabricators 2 | . . . . . . . . . . . . . . . . . . . . . . . . . 1 . . 1 . . . . Prioritize 2 | . . . . . . . . . . . . . . . . . . . . . . . . . 1 . . 1 . . . . Repair Stations 4 | . . . . . . . . . . 1 . . . . 1 . . . . . . . . . 1 . . 1 . . . . Patch 4 | . . . . . . . . . . 1 . . . . 1 . . . . . . . . . 1 . . 1 . . . . Recycling Units . | . . . . . . . . . . . . . . . . . . . . . . . . . . . . . . . . . Scanalyzers 2 | . . . . . . . . . . . . . . . . . . . . . . . . . . 1 . 1 . . . . Researchers 2 | . . . . . . . . . . . . . . . . . . . . . . . . . . 1 . 1 . . . . Garrison Access 3 | . . . . . . . . . . . . . . . . . . . . . . . . . 2 . . . . 1 . . Jam 3 | . . . . . . . . . . . . . . . . . . . . . . . . . 2 . . . . 1 . . Data Cores Recovered 2 | . . 1 . . . . . . . . . . . . . . . . . 1 . . . . . . . . . . . . Used 1 | . . 1 . . . . . . . . . . . . . . . . . . . . . . . . . . . . . . Hacking Detections 64 | . 8 4 . . . 3 2 5 . 10 . . . . 6 1 1 . . 3 . . . . 7 2 1 7 3 1 . . Full Trace Events 9 | . 1 . . . . . 1 5 . . . . . . 1 . . . . . . . . . . . . 1 . . . . Feedback Events . | . . . . . . . . . . . . . . . . . . . . . . . . . . . . . . . . . Feedback Blocked . | . . . . . . . . . . . . . . . . . . . . . . . . . . . . . . . . . Robot Schematics Acquired 4 | . . . . . . . . . . . . . 4 . . . . . . . . . . . . . . . . . . . Robots Built . | . . . . . . . . . . . . . . . . . . . . . . . . . . . . . . . . . Authchips . | . . . . . . . . . . . . . . . . . . . . . . . . . . . . . . . . . Time . | . . . . . . . . . . . . . . . . . . . . . . . . . . . . . . . . . Total Robot Build Rating . | . . . . . . . . . . . . . . . . . . . . . . . . . . . . . . . . . Part Schematics Acquired 36 | . 2 . . . . 5 . . . 2 . . 14 . 1 . . . . . . . 4 . 1 . 1 6 . . . . Parts Built 4 | . . . . . . . . . . . . . . . . . . . . . . . . . 3 . . 1 . . . . Authchips 1 | . . . . . . . . . . . . . . . . . . . . . . . . . 1 . . . . . . . Time 196 | . . . . . . . . . . . . . . . . . . . . . . . . . 132 . . 64 . . . . Total Part Build Rating 32 | . . . . . . . . . . . . . . . . . . . . . . . . . 24 . . 8 . . . . Parts Repaired 20 | . 1 . . . . 10 . . . 2 . . . . 1 . . . . 4 . . . . 1 . . . 1 . . . Time 940 | . 26 . . . . 350 . . . 82 . . . . 50 . . . . 370 . . . . 28 . . . 34 . . . Parts Recycled . | . . . . . . . . . . . . . . . . . . . . . . . . . . . . . . . . . Recycled Matter . | . . . . . . . . . . . . . . . . . . . . . . . . . . . . . . . . . Retrieved Matter . | . . . . . . . . . . . . . . . . . . . . . . . . . . . . . . . . . Retrieved Components 8 | . 8 . . . . . . . . . . . . . . . . . . . . . . . . . . . . . . . Parts Scanalyzed 10 | . . . . . . 5 . . . 2 . . . . 2 . . . . . . . . . 1 . . . . . . . Part Schematics Acquired 9 | . . . . . . 5 . . . 2 . . . . 1 . . . . . . . . . 1 . . . . . . . Parts Damaged . | . . . . . . . . . . . . . . . . . . . . . . . . . . . . . . . . . Bothacking | -11 -10 -9 -9 -9 -8 -8 -8 -8 -8 -6 -6 -6 -6 -5 -5 -5 -5 -5 -5 -4 -4 -4 -4 -3 -3 -3 -2 -2 -2 -1 -1 -1 ------------ Run | Yrd Mat Mat Min Exi Min Mat Sto Rec Scr Fac Low Low Zio Pro Fac Ext Cet Arc Hub Fac Upp Upp Zhi Pro Res Qua Res Tes Sec Acc Com Ac0 Used RIF Installer . | . . . . . . . . . . . . . . . . . . . . . . . . . . . . . . . . . Robots Hacked . | . . . . . . . . . . . . . . . . . . . . . . . . . . . . . . . . . Non-combat . | . . . . . . . . . . . . . . . . . . . . . . . . . . . . . . . . . Combat . | . . . . . . . . . . . . . . . . . . . . . . . . . . . . . . . . . Robot Hacks Applied . | . . . . . . . . . . . . . . . . . . . . . . . . . . . . . . . . . Relay Couplers Released 2 | . . . . . . . . . . . . . . . . . . . . . . . . . . . . 2 . . . . Machine Destruction 2 | . . . . . . . . . . . . . . . . . . . . . . . . . . . . 2 . . . . Fabnet Peak Effective % . | . . . . . . . . . . . . . . . . . . . . . . . . . . . . . . . . . Robots Rewired 14 | . . . . . . . . . . . . . . . . 13 . . . 1 . . . . . . . . . . . . Allies Hacked . | . . . . . . . . . . . . . . . . . . . . . . . . . . . . . . . . . Hacks Repelled . | . . . . . . . . . . . . . . . . . . . . . . . . . . . . . . . . . Allies | -11 -10 -9 -9 -9 -8 -8 -8 -8 -8 -6 -6 -6 -6 -5 -5 -5 -5 -5 -5 -4 -4 -4 -4 -3 -3 -3 -2 -2 -2 -1 -1 -1 -------- Run | Yrd Mat Mat Min Exi Min Mat Sto Rec Scr Fac Low Low Zio Pro Fac Ext Cet Arc Hub Fac Upp Upp Zhi Pro Res Qua Res Tes Sec Acc Com Ac0 Total Allies 79 | . . . 1 . . . 2 . . . . . . . . 22 5 . . 1 . . . . . . . . . 28 20 . Largest Group 13 | . . . 1 1 1 . 2 . . . . . . . . 11 13 11 . 1 . . . . . . . . . 7 6 . Highest-Rated Group 835 | . . . 31 31 31 . 62 . . . . . . . . 445 835 779 . 49 . . . . . . . . . 102 86 . Highest-Rated Ally 159 | . . . 31 31 31 . 31 . . . . . . . . 159 159 159 . 49 . . . . . . . . . 15 15 . Total Orders 76 | . . . . . . . 2 . . . . . . . . 28 31 . 4 . . . . . 4 3 1 1 2 . . . STAY 27 | . . . . . . . . . . . . . . . . 12 15 . . . . . . . . . . . . . . . FOLLOW 23 | . . . . . . . . . . . . . . . . 8 15 . . . . . . . . . . . . . . . EXPLORE 4 | . . . . . . . 2 . . . . . . . . . . . . . . . . . 2 . . . . . . . RETURN 22 | . . . . . . . . . . . . . . . . 8 1 . 4 . . . . . 2 3 1 1 2 . . . Ally Attacks 177 | . . . . . 10 . 12 . . . . . . . . 105 18 21 . 8 . . . . . . . . . 3 . . Total Damage 3591 | . . . . . 149 . 212 . . . . . . . . 1721 472 830 . 150 . . . . . . . . . 57 . . Kills 34 | . . . . . 1 . 1 . . . . . . . . 18 3 8 . 3 . . . . . . . . . . . . Allies Corrupted . | . . . . . . . . . . . . . . . . . . . . . . . . . . . . . . . . . Allies Melted . | . . . . . . . . . . . . . . . . . . . . . . . . . . . . . . . . . Intel | -11 -10 -9 -9 -9 -8 -8 -8 -8 -8 -6 -6 -6 -6 -5 -5 -5 -5 -5 -5 -4 -4 -4 -4 -3 -3 -3 -2 -2 -2 -1 -1 -1 ------- Run | Yrd Mat Mat Min Exi Min Mat Sto Rec Scr Fac Low Low Zio Pro Fac Ext Cet Arc Hub Fac Upp Upp Zhi Pro Res Qua Res Tes Sec Acc Com Ac0 Robot Analysis Total 3 | . 1 1 . . . . . 1 . . . . . . . . . . . . . . . . . . . . . . . . Derelict Logs Recovered 3 | . . . . . . . . . . . 1 . 1 . . . . . . . 1 . . . . . . . . . . . Drone Launches 26 | . . . . . . . 2 . . . . . . . . 9 1 . 4 . . . . . 3 3 1 1 2 . . . Drone Recoveries 24 | . . . . . . . . . . . . . . . . 9 1 . 4 . . . . . 3 3 1 1 2 . . . Exploration | -11 -10 -9 -9 -9 -8 -8 -8 -8 -8 -6 -6 -6 -6 -5 -5 -5 -5 -5 -5 -4 -4 -4 -4 -3 -3 -3 -2 -2 -2 -1 -1 -1 ------------- Run | Yrd Mat Mat Min Exi Min Mat Sto Rec Scr Fac Low Low Zio Pro Fac Ext Cet Arc Hub Fac Upp Upp Zhi Pro Res Qua Res Tes Sec Acc Com Ac0 Turns Passed 45133 | 63 1480 1896 629 393 1009 2140 1678 1308 2197 4744 1189 616 1985 870 1623 1634 608 76 633 1282 1330 1106 541 1366 4589 1054 665 2147 1606 294 1057 1325 Spaces Moved 21502 | 18 780 739 233 207 458 638 475 507 894 1819 486 277 935 406 706 624 270 43 191 510 681 548 311 679 2130 411 322 746 1162 373 1015 1908 Core . | . . . . . . . . . . . . . . . . . . . . . . . . . . . . . . . . . Treads 15380 | 18 615 739 89 . 1 262 427 507 894 1819 148 . 818 406 706 624 270 43 191 510 681 548 311 679 2130 411 322 746 465 . . . Legs 3695 | . . . . . . . . . . . . . . . . . . . . . . . . . . . . . 583 359 868 1885 Wheels 2129 | . 165 . 144 207 457 376 48 . . . 338 277 117 . . . . . . . . . . . . . . . . . . . Hover . | . . . . . . . . . . . . . . . . . . . . . . . . . . . . . . . . . Flight . | . . . . . . . . . . . . . . . . . . . . . . . . . . . . . . . . . Fastest Speed 30 | 160 95 160 190 190 175 175 190 240 240 156 162 205 162 162 161 160 160 160 160 160 160 160 160 160 160 173 173 173 30 30 30 30 Average Speed 164 | 160 146 210 209 190 190 211 233 240 241 200 221 208 199 193 167 181 160 160 160 160 160 160 160 160 168 173 173 210 99 31 66 56 Slowest Speed 480 | 160 240 240 240 190 320 265 240 240 242 242 480 220 242 242 243 244 160 160 160 160 160 160 160 160 240 173 173 256 260 90 90 90 Overloaded Moves . | . . . . . . . . . . . . . . . . . . . . . . . . . . . . . . . . . Propulsion Burnouts . | . . . . . . . . . . . . . . . . . . . . . . . . . . . . . . . . . Robots Hopped . | . . . . . . . . . . . . . . . . . . . . . . . . . . . . . . . . . Cave-ins Triggered 1 | . . . . . . . . . . . . . . . . . . . . . . . . . . . . . . . . 1 Teleports 3 | . . . . . . . . . . . . . . . . . . . . . . . 1 . . . . . . . 1 1 Microwarps 19 | . . . . . . . . . . . . . . . . . . . . . . . . . . . . . 11 1 6 1 Exploration Rate (%) 56 | 2 97 64 39 59 90 56 73 93 57 48 62 36 83 61 15 75 74 62 22 16 74 68 61 89 66 46 9 64 71 13 32 87 Regions Visited 32 Branch Regions 23 Pre-discovered Areas 5 | . . . . 1 . . . . . . . . 1 . . . . . . . . . 3 . . . . . . . . . Known Exits Taken 12 | . . 1 . . . 1 . . . 1 . . . . 1 1 . . 1 . . . . 1 1 1 1 1 . 1 . . Unknown Exits Taken 20 | 1 1 . 1 1 1 . 1 1 1 . 1 1 1 1 . . 1 1 . 1 1 1 1 . . . . . 1 . 1 . Scrap Searched 22 | . . . . . 1 . . . 7 . 3 2 4 . . . . . . . 2 2 . 1 . . . . . . . . Spaces Dug 342 | . . 12 6 . . 3 12 5 . 49 . . . . 10 . . . 1 . 11 . . 35 22 13 3 11 9 19 17 104 Terrain Destroyed 2476 | . 50 48 49 . 20 11 57 5 . 272 44 47 43 20 155 93 3 . 19 4 19 . . 141 181 17 3 37 58 29 154 897 Melee 70 | . . . . . . 3 12 5 . 49 . . . . 1 . . . . . . . . . . . . . . . . . Projectile 1271 | . . . 1 . . . . . . 7 . . . . 11 7 1 . 19 4 11 . . 10 27 17 3 16 57 29 154 897 AOE 1133 | . 50 48 48 . 20 8 45 . . 216 44 47 43 20 143 86 2 . . . 8 . . 131 154 . . 19 1 . . . Terrain Rammed . | . . . . . . . . . . . . . . . . . . . . . . . . . . . . . . . . . Walls Destroyed . | . . . . . . . . . . . . . . . . . . . . . . . . . . . . . . . . . Machines Disabled . | . . . . . . . . . . . . . . . . . . . . . . . . . . . . . . . . . Actions | -11 -10 -9 -9 -9 -8 -8 -8 -8 -8 -6 -6 -6 -6 -5 -5 -5 -5 -5 -5 -4 -4 -4 -4 -3 -3 -3 -2 -2 -2 -1 -1 -1 --------- Run | Yrd Mat Mat Min Exi Min Mat Sto Rec Scr Fac Low Low Zio Pro Fac Ext Cet Arc Hub Fac Upp Upp Zhi Pro Res Qua Res Tes Sec Acc Com Ac0 Total 29483 | 36 975 981 332 207 549 1263 825 563 940 2484 566 296 1054 472 1076 963 435 48 415 970 914 754 356 922 3094 704 425 1292 1542 540 1347 2143 Wait 4425 | 5 65 72 65 . 37 369 152 13 10 219 18 . 92 20 281 131 97 . 109 392 192 153 7 150 583 160 48 314 168 128 355 20 Move 21190 | 17 779 738 232 206 457 637 474 506 893 1818 485 276 934 405 705 623 269 42 191 509 680 547 310 678 2129 410 321 745 1058 359 873 1884 Hop . | . . . . . . . . . . . . . . . . . . . . . . . . . . . . . . . . . Pick Up 293 | 2 14 39 1 1 7 41 8 2 7 21 7 . 5 6 5 12 13 1 4 6 2 6 4 3 31 6 1 3 20 2 2 11 Fast Attach 325 | 1 10 5 . . 4 19 9 3 9 20 1 . 2 5 12 19 7 . 4 11 2 4 8 7 55 6 12 25 26 4 9 26 Attach 110 | . 4 4 . . 6 4 2 1 . 12 2 . . . 3 8 4 . 3 2 . 4 1 1 5 3 3 1 13 9 9 6 Detach 39 | . . . . . . 2 . . . 2 . . . . . 1 . . . 2 . . . . 1 . . 5 8 8 8 2 Swap 678 | 3 11 23 15 . 7 40 46 8 3 109 22 4 13 10 23 45 11 1 30 5 10 15 . 19 54 36 9 33 33 4 10 26 Drop 511 | . 7 35 . . 4 55 19 5 18 31 9 . 7 13 14 24 21 2 8 11 2 9 10 6 80 11 13 24 26 5 11 31 Fire 1727 | 8 83 62 19 . 26 84 90 19 . 168 22 14 . 13 32 99 13 . 55 25 26 16 16 58 156 72 16 140 171 19 69 136 Melee 121 | . . . . . . 8 17 5 . 84 . 2 1 . 1 1 . 2 . . . . . . . . . . . . . . Ram 1 | . . . . . 1 . . . . . . . . . . . . . . . . . . . . . . . . . . . Kick 9 | . . . . . . . . . . . . . . . . . . . . . . . . . . . . . 6 2 1 . Crush 26 | . 2 3 . . . 4 . 1 . . . . . . . . . . 11 1 . . . . . . 2 2 . . . . Escape Stasis 14 | . . . . . . . . . . . . . . . . . . . . . . . . . . . . . 13 . . 1 Rewire 6 | . . . . . . . . . . . . . . . . . . . . 6 . . . . . . . . . . . . Trap . | . . . . . . . . . . . . . . . . . . . . . . . . . . . . . . . . . Miscellaneous 8 | . . . . . . . 8 . . . . . . . . . . . . . . . . . . . . . . . . . Route ------- -11/Scrapyard -10/Materials (discovered 5 exits: *Mat x3 / [*Min x2]) -9/Materials (discovered 2 exits: *Mat / *Min) -9/Mines (discovered 2 exits: *Mat / *Exi) -9/Exiles -8/Mines (discovered 2 exits: *Mat x2) -8/Materials (discovered 2 exits: [*Fac] / *Sto) -8/Storage -8/Recycling (discovered 2 exits: *Fac / *Scr) -8/Scraptown -6/Factory (discovered 3 exits: *Fac / *Low x2) -6/Lower Caves -6/Lower Caves -6/Zion -5/Proximity Caves -5/Factory (discovered 6 exits: *Fac x2 / *Upp x2 / *Ext x2) -5/Extension (discovered 3 exits: *Fac x2 / *Cet) -5/Cetus (discovered 2 exits: *Fac / *Arc) -5/Archives (discovered 2 exits: *Hub x2) -5/Hub_04(d) (discovered 4 exits: *Fac x4) -4/Factory (discovered 5 exits: *Res x4 / [*Upp]) -4/Upper Caves -4/Upper Caves (discovered 2 exits: *Res / *Zhi) -4/Zhirov -3/Proximity Caves -3/Research (discovered 5 exits: *Res x3 / *Arm / *Qua) -3/Quarantine -2/Research (discovered 2 exits: *Tes x2) -2/Testing -2/Section 7 -1/Access -1/Command (discovered 3 exits: [Sur x2] / *Ac0) -1/Access_0 To Fleet Rendezvous History --------- Turn | Location | Event 12 | -11/Scrapyard | Discovered new exit (range 3) 64 | -11/Scrapyard | Entered Materials 231 | -10/Materials | Discovered new exit (range 7) 311 | -10/Materials | Build established: Mutant 406 | -10/Materials | Core integrity fell below 50% 593 | -10/Materials | Discovered new exit (range 15) 619 | -10/Materials | Central database locked down 641 | -10/Materials | Discovered new exit (range 8) 989 | -10/Materials | Discovered new exit (range 16) 1145 | -10/Materials | Repaired Lgt. Treads 1423 | -10/Materials | Discovered new exit (range 6) 1544 | -10/Materials | Entered another Materials area 1544 | -9/Materials | Evolved 2 slots: Propulsion x1, Utility x1 2120 | -9/Materials | Discovered new exit (range 16) 2396 | -9/Materials | Build established: Scavenger-Mutant 2876 | -9/Materials | Identified exit to Mines 3184 | -9/Materials | Build established: Mutant 3440 | -9/Materials | Entered Mines 3606 | -9/Mines | Discovered new exit (range 9) 3654 | -9/Mines | Assembled infested the area 3659 | -9/Mines | Assisted by a Guerilla fighting off Assembled 4011 | -9/Mines | Met a Derelict testing a Signal Generator 4062 | -9/Mines | Deemed a non-threat by the Exiles lab entrance 4062 | -9/Mines | Discovered new exit (range 5) 4069 | -9/Mines | Entered Exiles 4069 | -9/Exiles | Accompanied by 1 ally 4117 | -9/Exiles | Met 8R-AWN 4147 | -9/Exiles | Met EX-HEX 4223 | -9/Exiles | Met EX-DEC 4231 | -9/Exiles | Learned location of Zion (-6) 4435 | -9/Exiles | Discovered new exit (range 14) 4462 | -9/Exiles | Entered Mines 4462 | -8/Mines | Accompanied by 1 ally 4565 | -8/Mines | Discovered new exit (range 5) 4919 | -8/Mines | Discovered new exit (range 8) 5471 | -8/Mines | System corruption reached 10% 5471 | -8/Mines | Entered Materials 5471 | -8/Materials | Evolved 2 slots: Propulsion x1, Utility x1 6472 | -8/Materials | Repaired Imp. EM Shotgun? 6565 | -8/Materials | Repaired Hvy. Ion Engine 6598 | -8/Materials | Repaired Imp. Treads 6626 | -8/Materials | Repaired Lgt. Treads 6653 | -8/Materials | Repaired Lgt. Treads 6699 | -8/Materials | Repaired Imp. Medium Armor Plating 6726 | -8/Materials | Repaired Seismic Detector 6753 | -8/Materials | Repaired Lgt. Treads 6790 | -8/Materials | Repaired Broken Lgt. Treads 6858 | -8/Materials | Repaired Shield Generator 6988 | -8/Materials | Identified exit to Storage 7566 | -8/Materials | Discovered new exit (range 9) 7611 | -8/Materials | Entered Storage 8015 | -8/Storage | Met a pair of Derelict thieves 8411 | -8/Storage | First assault squad dispatched 8515 | -8/Storage | Destroyed 13 combat bots 8898 | -8/Storage | Used back door to open Recycling access 8898 | -8/Storage | Discovered new exit (range 5) 9214 | -8/Storage | Found Prototype Launcher 9214 | -8/Storage | Identified Scatter Rocket Array 9289 | -8/Storage | Entered Recycling 10009 | -8/Recycling | Discovered new exit (range 16) 10539 | -8/Recycling | Scanned before Scraplab entrance 10573 | -8/Recycling | Entered Scraplab 10592 | -8/Recycling | Discovered new exit (range 3) 10597 | -8/Recycling | Entered Scraptown 10597 | -8/Scraptown | System corruption cleaned by C-Scrubber 11270 | -8/Scraptown | Discovered new exit (range 11) 11402 | -8/Scraptown | Visited The Evicted 11525 | -8/Scraptown | Visited Bundlers 11740 | -8/Scraptown | Visited SPCMW 11871 | -8/Scraptown | Visited Fellowship of the Rings 11888 | -8/Scraptown | Heard Great Nut preacher, LISTEN AND RECITE! 11907 | -8/Scraptown | Visited Assassins FH 12317 | -8/Scraptown | Visited Cyclists 12392 | -8/Scraptown | Visited Symbiants 12794 | -8/Scraptown | Entered Factory 12794 | -6/Factory | Evolved 4 slots: Power x1, Propulsion x1, Utility x2 12965 | -6/Factory | Spotted B-75 Beast 13290 | -6/Factory | Build established: Hacker-Mutant 14424 | -6/Factory | Identified exit to Lower Caves 14541 | -6/Factory | Found Launcher Loader 15040 | -6/Factory | Build established: Mutant 15085 | -6/Factory | Repaired Arm. Treads 15131 | -6/Factory | Repaired Med. Reactive Plating 15864 | -6/Factory | Discovered new exit (range 15) 16994 | -6/Factory | First assault squad dispatched 17365 | -6/Factory | Garrison activated, responded to threat 17454 | -6/Factory | Destroyed 7 combat bots 17538 | -6/Factory | Entered Lower Caves 17565 | -6/Lower Caves | Attracted the attention of an 0b10 checkpoint 17651 | -6/Lower Caves | System corruption reached 10% 17789 | -6/Lower Caves | Learned Factory garrison access intel 17933 | -6/Lower Caves | Found DCF Scrap (14 items) 18091 | -6/Lower Caves | Build established: Scavenger-Mutant 18101 | -6/Lower Caves | Encountered a Warlord checkpoint 18521 | -6/Lower Caves | Discovered new exit (range 13) 18727 | -6/Lower Caves | Entered another Lower Caves area 19170 | -6/Lower Caves | Encountered a Warlord checkpoint 19310 | -6/Lower Caves | Discovered new exit (range 16) 19343 | -6/Lower Caves | Entered Zion 19451 | -6/Zion | Given A8's code to call for help 19508 | -6/Zion | System corruption cleaned by Quarantine Array 19720 | -6/Zion | Received a visual enhancement algorithm 19846 | -6/Zion | Given the Hacking Drone Bay 19848 | -6/Zion | Found Prototype Device 19925 | -6/Zion | Build established: Mutant 20678 | -6/Zion | Met Imprinter 20809 | -6/Zion | Build established: Derelict-Mutant 20870 | -6/Zion | Learned location of Quarantine (-3) 21116 | -6/Zion | Found GAL Module 21303 | -6/Zion | Discovered new exit (range 14) 21328 | -6/Zion | Entered Proximity Caves 21579 | -5/Proximity Caves | Attracted the attention of an 0b10 checkpoint 21626 | -5/Proximity Caves | Build established: Mutant 21746 | -5/Proximity Caves | Spotted B-75 Beast 21765 | -5/Proximity Caves | Destroyed B-75 Beast 21894 | -5/Proximity Caves | System corruption reached 30% 22172 | -5/Proximity Caves | Build established: Scavenger-Mutant 22173 | -5/Proximity Caves | Discovered new exit (range 9) 22198 | -5/Proximity Caves | Entered Factory 22198 | -5/Factory | Evolved 2 slots: Propulsion x1, Utility x1 22199 | -5/Factory | Loaded intel: 4 garrison access locations 22239 | -5/Factory | Identified exit to Garrison 22378 | -5/Factory | Discovered new exit (range 15) 22805 | -5/Factory | Identified exit to Upper Caves 22805 | -5/Factory | Identified exit to Extension 23370 | -5/Factory | Discovered new exit (range 16) 23436 | -5/Factory | Destroyed 7 combat bots 23504 | -5/Factory | Repaired Imp. Heavy Armor Plating 23821 | -5/Factory | Entered Extension 23891 | -5/Extension | Identified Hacking Drone Bay 23897 | -5/Extension | Rescued a captive Derelict 23898 | -5/Extension | Rescued a captive Derelict 24011 | -5/Extension | Rescued a captive Derelict 24012 | -5/Extension | Rescued a captive Derelict 24062 | -5/Extension | Identified exit to Cetus 24296 | -5/Extension | Disrupted transfer network 24332 | -5/Extension | Rescued a captive Derelict 24334 | -5/Extension | Rescued a captive Derelict 24471 | -5/Extension | System corruption reached 10% 24576 | -5/Extension | Lost 6 allies 24618 | -5/Extension | Spotted B-75 Beast 24646 | -5/Extension | Destroyed B-75 Beast 24648 | -5/Extension | Spotted B-75 Beast 24710 | -5/Extension | Destroyed B-75 Beast 24733 | -5/Extension | Lost 5 parts (3n2u) 24772 | -5/Extension | System corruption reached 30% 24877 | -5/Extension | Identified exit to Factory 24910 | -5/Extension | Rescued a captive Derelict 25202 | -5/Extension | Rescued A7 25219 | -5/Extension | Rescued a captive Derelict 25455 | -5/Extension | Entered Cetus 25455 | -5/Cetus | Accompanied by 8 allies (A7) 25460 | -5/Cetus | Acquired a Cetus Manufacturing Module code from A7 25501 | -5/Cetus | Spotted Cetus Guard 25501 | -5/Cetus | Spotted Cetus Guard 25503 | -5/Cetus | Spotted Cetus Guard 25503 | -5/Cetus | Spotted Cetus Guard 25506 | -5/Cetus | Destroyed Cetus Guard 25507 | -5/Cetus | Destroyed Cetus Guard 25508 | -5/Cetus | Destroyed Cetus Guard 25509 | -5/Cetus | Destroyed Cetus Guard 25689 | -5/Cetus | Started Cetus Manufacturing Module 25714 | -5/Cetus | Manufactured an Enhanced Grunt 25716 | -5/Cetus | Escorted A7 to Cetus Mainframe 25739 | -5/Cetus | Manufactured an Enhanced Grunt 25764 | -5/Cetus | Manufactured an Enhanced Grunt 25789 | -5/Cetus | Manufactured an Enhanced Grunt 25814 | -5/Cetus | Manufactured an Enhanced Grunt 25846 | -5/Cetus | Discovered new exit (range 16) 25876 | -5/Cetus | Spotted Cetus Guard 25877 | -5/Cetus | Spotted Cetus Guard 25880 | -5/Cetus | Spotted Cetus Guard 25881 | -5/Cetus | Spotted Cetus Guard 25884 | -5/Cetus | Allies destroyed Cetus Guard 25887 | -5/Cetus | Destroyed Cetus Guard 25892 | -5/Cetus | Destroyed Cetus Guard 25900 | -5/Cetus | Allies destroyed Cetus Guard 25910 | -5/Cetus | Discovered exit to Factory (range 15) 25918 | -5/Cetus | Met Revision 17 26063 | -5/Cetus | Entered Archives 26063 | -5/Archives | Accompanied by 11 allies (A7) 26068 | -5/Archives | Received a hacking code to weaken MAIN.C 26083 | -5/Archives | Met Zhirov 26089 | -5/Archives | Reinforcements dispatched to Archives 26104 | -5/Archives | Discovered new exit (range 16) 26114 | -5/Archives | Read partially decrypted archive contents 26120 | -5/Archives | Discovered new exit (range 13) 26134 | -5/Archives | Reinforcements dispatched to Archives 26136 | -5/Archives | Zhirov warped through subspace 26139 | -5/Archives | Entered Hub_04(d) 26169 | -5/Hub_04(d) | Lost 3 allies 26680 | -5/Hub_04(d) | Network Hub disabled 26772 | -5/Hub_04(d) | Entered Factory 26772 | -4/Factory | Evolved 2 slots: Utility x1, Weapon x1 26916 | -4/Factory | Repaired Quantum Reactor 27025 | -4/Factory | Repaired Centrium Heavy Treads 27106 | -4/Factory | Repaired Scatter Rocket Array 27215 | -4/Factory | Repaired Centrium Medium Armor Plating 27250 | -4/Factory | Discovered new exit (range 15) 27337 | -4/Factory | Found Unknown Device 27337 | -4/Factory | Identified Quantum Capacitor 27645 | -4/Factory | Build established: Scavenger-Gunner 27949 | -4/Factory | Found Prototype Launcher 27949 | -4/Factory | Identified Com. Tesla Bomb Launcher 27964 | -4/Factory | Identified exit to Research 28000 | -4/Factory | Discovered new exit (range 6) 28054 | -4/Factory | Entered Upper Caves 28738 | -4/Upper Caves | Learned 4 Research zone layouts 29320 | -4/Upper Caves | Discovered new exit (range 15) 29384 | -4/Upper Caves | Entered another Upper Caves area 29505 | -4/Upper Caves | Discovered exit to Research (range 6) 30029 | -4/Upper Caves | Attracted the attention of an 0b10 checkpoint 30454 | -4/Upper Caves | Discovered new exit (range 11) 30490 | -4/Upper Caves | Entered Zhirov 30490 | -4/Zhirov | Discovered new exit (range 3) 30550 | -4/Zhirov | Learned location of Testing (-2) 30550 | -4/Zhirov | Learned location of Command (-1) 30603 | -4/Zhirov | Found Alien Artifact 30603 | -4/Zhirov | Identified Integrated Reactor 30603 | -4/Zhirov | Installed Integrated Reactor, increased core energy generation (+10) 30922 | -4/Zhirov | Found Alien Artifact 30922 | -4/Zhirov | Identified Transdimensional Reconstructor 30922 | -4/Zhirov | Warped through subspace 31031 | -4/Zhirov | Entered Proximity Caves 31217 | -3/Proximity Caves | System corruption reached 10% 31230 | -3/Proximity Caves | Spotted B-86 Titan 31308 | -3/Proximity Caves | Attracted the attention of an 0b10 outpost 31358 | -3/Proximity Caves | Destroyed 8 combat bots 31491 | -3/Proximity Caves | Attracted the attention of an 0b10 checkpoint 32297 | -3/Proximity Caves | Discovered exit to Research (range 7) 32394 | -3/Proximity Caves | System corruption reached 30% 32397 | -3/Proximity Caves | Entered Research 32397 | -3/Research | Evolved 2 slots: Utility x2 32597 | -3/Research | Revision forces began assault on 0b10 32642 | -3/Research | Met up with Revision 17++ 33097 | -3/Research | Research terminal network offline 33116 | -3/Research | System corruption reached 10% 33151 | -3/Research | Fabricated Centrium Heavy Treads (x1) 33293 | -3/Research | Found Prototype Processor 33293 | -3/Research | Identified Exp. Signal Interpreter 33511 | -3/Research | Discovered new exit (range 13) 33530 | -3/Research | Identified exit to Armory 33617 | -3/Research | Found Quantum Capacitor 33624 | -3/Research | Spotted Striker 33630 | -3/Research | Destroyed Striker 33683 | -3/Research | Lost 3 allies 33698 | -3/Research | Discovered new exit (range 8) 33709 | -3/Research | Identified exit to Research 33902 | -3/Research | Found Gamma Bomb Array 34282 | -3/Research | Build established: Gunner 34341 | -3/Research | Repaired Adv. Cooling System 34548 | -3/Research | Lost 4 allies 34657 | -3/Research | Fabricated Hyp. Railgun (x2) 35080 | -3/Research | Build established: Tank 35154 | -3/Research | Discovered exit to Research (range 4) 35253 | -3/Research | Found Prototype Device 35253 | -3/Research | Identified Adv. Kinecellerator 35496 | -3/Research | Spotted Striker 35503 | -3/Research | Destroyed Striker 35685 | -3/Research | Spotted Striker 35687 | -3/Research | Spotted Striker 35705 | -3/Research | Destroyed Striker 35706 | -3/Research | Destroyed Striker 35711 | -3/Research | Spotted Executioner 35713 | -3/Research | Destroyed Executioner 35721 | -3/Research | Destroyed Striker 35738 | -3/Research | Spotted Striker 35740 | -3/Research | Spotted Striker 35742 | -3/Research | Destroyed 10 combat bots 35743 | -3/Research | Destroyed Striker 35745 | -3/Research | Destroyed Striker 35783 | -3/Research | Spotted Executioner 35788 | -3/Research | Spotted Striker 35789 | -3/Research | Destroyed Executioner 35792 | -3/Research | Spotted Striker 35818 | -3/Research | Destroyed Striker 35864 | -3/Research | Lost 4 allies 35980 | -3/Research | Spotted Executioner 35982 | -3/Research | Spotted Striker 35988 | -3/Research | Destroyed Executioner 35992 | -3/Research | Destroyed Striker 36028 | -3/Research | Spotted Executioner 36034 | -3/Research | Spotted Striker 36044 | -3/Research | Lost 4 allies 36104 | -3/Research | Spotted Striker 36112 | -3/Research | Destroyed Striker 36205 | -3/Research | Discovered exit to Research (range 7) 36614 | -3/Research | Build established: Scavenger-Gunner 36713 | -3/Research | Spotted Striker 36720 | -3/Research | Destroyed Striker 36881 | -3/Research | Found Unknown Launcher 36881 | -3/Research | Identified Fusion Bomb Launcher 36905 | -3/Research | Discovered new exit (range 16) 36929 | -3/Research | Identified exit to Quarantine 36986 | -3/Research | Entered Quarantine 37178 | -3/Quarantine | Found Alien Artifact 37178 | -3/Quarantine | Identified Core Reset Matrix 37178 | -3/Quarantine | Used Core Reset Matrix 37182 | -3/Quarantine | Detected hypermatrix surge 37182 | -3/Quarantine | Sensed 1 artifact in vicinity 37266 | -3/Quarantine | First assault squad dispatched 37468 | -3/Quarantine | Found Prototype Processor 37468 | -3/Quarantine | Identified Exp. Terrain Scan Processor 37476 | -3/Quarantine | Found Exp. Terrain Scan Processor 37582 | -3/Quarantine | Discovered exit to Research (range 10) 37817 | -3/Quarantine | Build established: Scavenger-Tank 38040 | -3/Quarantine | Entered Research 38040 | -2/Research | Evolved 2 slots: Power x1, Utility x1 38301 | -2/Research | Identified exit to Testing 38638 | -2/Research | Garrison activated, responded to threat 38680 | -2/Research | Build established: Scavenger-Gunner 38705 | -2/Research | Entered Testing 39075 | -2/Testing | Found Prototype Hackware 39075 | -2/Testing | Identified Ghost Barrier 39121 | -2/Testing | Found Prototype Device 39121 | -2/Testing | Identified Beam Splitter 39202 | -2/Testing | Spotted Striker 39207 | -2/Testing | Spotted Striker 39358 | -2/Testing | Found Prototype Energy Gun 39358 | -2/Testing | Identified Hyp. EM Gauss Rifle 39359 | -2/Testing | Assembled Modified EM Gauss 39608 | -2/Testing | Found Prototype Launcher 39608 | -2/Testing | Identified Mni. Smartbomb Launcher 39649 | -2/Testing | Found Prototype Energy Cannon 39649 | -2/Testing | Identified Cld. Nova Cannon 39944 | -2/Testing | Found Prototype Protection 39944 | -2/Testing | Identified SHELL Armor 40091 | -2/Testing | Fabricated Arm. Heavy Treads (x1) 40237 | -2/Testing | Build established: Gunner 40414 | -2/Testing | Garrison activated, responded to threat 40638 | -2/Testing | Spotted Fortress 40705 | -2/Testing | First assault squad dispatched 40840 | -2/Testing | Discovered new exit (range 6) 40850 | -2/Testing | Identified exit to Section 7 40852 | -2/Testing | Entered Section 7 40853 | -2/Section 7 | Sensed 24 artifacts in vicinity 41044 | -2/Section 7 | Found Microwarp Drive 41143 | -2/Section 7 | Spotted S7 Guard 41152 | -2/Section 7 | Destroyed S7 Guard 41161 | -2/Section 7 | System corruption reached 10% 41167 | -2/Section 7 | Repaired Arm. Heavy Treads? 41257 | -2/Section 7 | Found Integrated Thermoelectric Network 41257 | -2/Section 7 | Installed Integrated Thermoelectric Network, gained heat-energy exchange potential 41451 | -2/Section 7 | Found Integrated Dissipator 41451 | -2/Section 7 | Installed Integrated Dissipator, increased core heat dissipation (+20) 41581 | -2/Section 7 | Build established: Alien-Gunner 41598 | -2/Section 7 | Found Integrated Reactor 41598 | -2/Section 7 | Installed Integrated Reactor, increased core energy generation (+10) 41682 | -2/Section 7 | Spotted S7 Guard 41889 | -2/Section 7 | Spotted B-99 Colossus 41994 | -2/Section 7 | Integrated with Sigix Exoskeleton 42035 | -2/Section 7 | Spotted Alpha 7 42036 | -2/Section 7 | Spotted Alpha 7 42053 | -2/Section 7 | Scanned by Researcher 42057 | -2/Section 7 | Intercept squad dispatched 42057 | -2/Section 7 | Spotted Executioner 42085 | -2/Section 7 | Spotted Tracker 42087 | -2/Section 7 | Spotted Tracker 42094 | -2/Section 7 | Found Sigix Sheargun 42098 | -2/Section 7 | Spotted Striker 42098 | -2/Section 7 | Spotted Striker 42101 | -2/Section 7 | Found Sigix Shearcannon 42112 | -2/Section 7 | Destroyed Striker 42112 | -2/Section 7 | Destroyed Striker 42113 | -2/Section 7 | Destroyed Tracker 42115 | -2/Section 7 | Destroyed Tracker 42116 | -2/Section 7 | Spotted Executioner 42116 | -2/Section 7 | Spotted Striker 42117 | -2/Section 7 | Spotted Striker 42118 | -2/Section 7 | Spotted Executioner 42123 | -2/Section 7 | Destroyed Striker 42128 | -2/Section 7 | Destroyed Striker 42128 | -2/Section 7 | Destroyed Executioner 42135 | -2/Section 7 | Destroyed Executioner 42143 | -2/Section 7 | Spotted Combat Programmer 42147 | -2/Section 7 | Destroyed Combat Programmer 42161 | -2/Section 7 | Found Prototype Processor 42161 | -2/Section 7 | Identified Exp. Core Analyzer 42168 | -2/Section 7 | Destroyed 9 combat bots 42170 | -2/Section 7 | Destroyed Alpha 7 42172 | -2/Section 7 | Spotted Combat Programmer 42174 | -2/Section 7 | Destroyed Alpha 7 42176 | -2/Section 7 | Destroyed Combat Programmer 42250 | -2/Section 7 | Found Prototype Processor 42251 | -2/Section 7 | Identified Exp. Targeting Computer 42253 | -2/Section 7 | Found Prototype Processor 42253 | -2/Section 7 | Identified Exp. Target Analyzer 42257 | -2/Section 7 | Found Exp. Targeting Computer 42266 | -2/Section 7 | Destroyed 28 combat bots 42270 | -2/Section 7 | Spotted Investigator 42272 | -2/Section 7 | Destroyed Investigator 42275 | -2/Section 7 | Sigix Exoskeleton integrity reduced to 80% 42299 | -2/Section 7 | Build established: Alien-Sigix 42319 | -2/Section 7 | Spotted Striker 42342 | -2/Section 7 | Found Core Expander 42342 | -2/Section 7 | Installed Core Expander, added new Utility slot 42344 | -2/Section 7 | Found Core Expander 42344 | -2/Section 7 | Installed Core Expander, added new Utility slot 42346 | -2/Section 7 | Found Core Expander 42346 | -2/Section 7 | Installed Core Expander, added new Utility slot 42351 | -2/Section 7 | Intercept squad dispatched 42362 | -2/Section 7 | Destroyed Striker 42377 | -2/Section 7 | Spotted Tracker 42378 | -2/Section 7 | Destroyed Tracker 42379 | -2/Section 7 | Spotted Tracker 42382 | -2/Section 7 | Destroyed Tracker 42400 | -2/Section 7 | Spotted Executioner 42400 | -2/Section 7 | Spotted Striker 42426 | -2/Section 7 | Found Hpw. Transdimensional Reconstructor 42427 | -2/Section 7 | Spotted Executioner 42433 | -2/Section 7 | Spotted Combat Programmer 42434 | -2/Section 7 | Discovered new exit (range 14) 42449 | -2/Section 7 | Found Core Regenerator 42449 | -2/Section 7 | Spotted Combat Programmer 42458 | -2/Section 7 | Entered Access 42458 | -1/Access | Evolved 2 slots: Utility x2 42463 | -1/Access | Emitted hypermatrix ping 42468 | -1/Access | Assembled emerged from beneath the floor 42500 | -1/Access | Assembled emerged from beneath the floor 42518 | -1/Access | Assembled emerged from beneath the floor 42656 | -1/Access | Identified exit to Command 42671 | -1/Access | Garrison activated, responded to threat 42723 | -1/Access | Assembled emerged from beneath the floor 42752 | -1/Access | Entered Command 42757 | -1/Command | Emitted hypermatrix ping 42762 | -1/Command | Assembled emerged from beneath the floor 42899 | -1/Command | Spotted Combat Programmer 42913 | -1/Command | Spotted Combat Programmer 42915 | -1/Command | Destroyed Combat Programmer 42917 | -1/Command | Destroyed Combat Programmer 42927 | -1/Command | Spotted M Guard 42942 | -1/Command | Destroyed M Guard 42948 | -1/Command | Spotted M Guard 42953 | -1/Command | Destroyed M Guard 42953 | -1/Command | All MAIN.C guards destroyed 42968 | -1/Command | Found Prototype Reactor 42968 | -1/Command | Identified Zero-point Reactor 42973 | -1/Command | Found Prototype Device 42973 | -1/Command | Identified Thermal Barrier 43002 | -1/Command | First assault squad dispatched 43002 | -1/Command | 0b10 Conduit disabled 43003 | -1/Command | Met MAIN.C 43006 | -1/Command | MAIN.C's shell transforms into a squad of autonomous robots 43006 | -1/Command | Destroyed MAIN.C Shell 43006 | -1/Command | Spotted M Shell/Atk 43006 | -1/Command | Spotted M Shell/Def 43006 | -1/Command | Spotted M Shell/Atk 43006 | -1/Command | Spotted M Shell/Atk 43006 | -1/Command | Spotted M Shell/Def 43007 | -1/Command | MAIN.C activated Command garrisons 43019 | -1/Command | Assembled emerged from beneath the floor 43046 | -1/Command | Assembled emerged from beneath the floor 43061 | -1/Command | Destroyed MAIN.C 43064 | -1/Command | Discovered new exit (range 126) 43064 | -1/Command | Discovered new exit (range 80) 43064 | -1/Command | Extracted map data and part IDs from MAIN.C's data core 43111 | -1/Command | Destroyed 8 combat bots 43116 | -1/Command | Found Exp. Powered Armor 43275 | -1/Command | Found Zero-point Reactor 43706 | -1/Command | Found Hpw. Disruptor Cannon 43804 | -1/Command | Warped through subspace to slip node 43804 | -1/Command | Discovered new exit (range 5) 43809 | -1/Command | Entered Access_0 43810 | -1/Access_0 | Sensed 3 artifacts in vicinity 43810 | -1/Access_0 | Met Architect 43815 | -1/Access_0 | Core integrity fell below 50% 43820 | -1/Access_0 | Destroyed A8 43827 | -1/Access_0 | Architect warped through subspace 43868 | -1/Access_0 | A6 warped into view 43874 | -1/Access_0 | Destroyed A6 43877 | -1/Access_0 | Sigix Exoskeleton integrity reduced to 60% 43885 | -1/Access_0 | Architect warped through subspace 43909 | -1/Access_0 | Architect warped through subspace 43917 | -1/Access_0 | Found Core Expander 43917 | -1/Access_0 | Installed Core Expander, added new Weapon slot 43928 | -1/Access_0 | Architect warped through subspace 43961 | -1/Access_0 | Architect warped through subspace 43995 | -1/Access_0 | Architect warped through subspace 44007 | -1/Access_0 | A5 warped into view 44028 | -1/Access_0 | Destroyed A2 44030 | -1/Access_0 | Architect warped through subspace 44031 | -1/Access_0 | Destroyed A5 44042 | -1/Access_0 | Extracted Singularity Gate Test 138-C access codes from A2's data core 44045 | -1/Access_0 | Found Deep Network Scanner 44074 | -1/Access_0 | Architect warped through subspace 44119 | -1/Access_0 | Architect warped through subspace 44145 | -1/Access_0 | Architect warped through subspace 44149 | -1/Access_0 | Subspace Access Node disabled 44177 | -1/Access_0 | Architect warped through subspace 44218 | -1/Access_0 | Architect warped through subspace 44246 | -1/Access_0 | Subspace Access Node disabled 44254 | -1/Access_0 | A4 warped into view 44259 | -1/Access_0 | Core integrity fell below 20% 44261 | -1/Access_0 | Architect warped through subspace 44265 | -1/Access_0 | Subspace Access Node disabled 44268 | -1/Access_0 | Sigix Exoskeleton integrity reduced to 40% 44297 | -1/Access_0 | Subspace Access Node disabled 44367 | -1/Access_0 | Singularity Gate disabled 44368 | -1/Access_0 | Used Core Regenerator, restored core integrity (+400) 44381 | -1/Access_0 | Destroyed Architect 44383 | -1/Access_0 | Extracted unknown sensor trigger ID from Architect's data core 44386 | -1/Access_0 | Found Modified Sigix Sheargun 44390 | -1/Access_0 | Found Prototype Hackware 44393 | -1/Access_0 | Found Prototype Hackware 44409 | -1/Access_0 | Destroyed A4 44416 | -1/Access_0 | Found Ghost Barrier 44419 | -1/Access_0 | Found Prototype Hackware 44422 | -1/Access_0 | Found Prototype Hackware 44424 | -1/Access_0 | Found Prototype Hackware 44465 | -1/Access_0 | A3 warped into view 44473 | -1/Access_0 | Destroyed A3 44627 | -1/Access_0 | Identified Architect God Chip D (x2) 44629 | -1/Access_0 | Identified Architect God Chip A (x3) 44630 | -1/Access_0 | Found Sigix Corpse 44765 | -1/Access_0 | Found Prototype Device 44765 | -1/Access_0 | Identified Desublimator 44794 | -1/Access_0 | Found Exp. System Shield 44945 | -1/Access_0 | Crushed by falling debris 44959 | -1/Access_0 | Found Hpw. Transdimensional Reconstructor 45004 | -1/Access_0 | Found Integrated Dissipator 45004 | -1/Access_0 | Installed Integrated Dissipator, increased core heat dissipation (+20) 45130 | -1/Access_0 | Warped through subspace to slip node 45130 | -1/Access_0 | Discovered new exit (range 8) 45134 | *** | Heading to fleet! Last Messages --------------- 45030_ Quantum Shear penetrates Wall. 45038_ System corrupted: Matter fused (-7). 45071_ Quantum Shear penetrates Reinforced Shell. 45071_ Reinforced Shell breached. 45071_ Quantum Shear penetrates Reinforced Shell. 45071_ Quantum Shear penetrates Wall. 45071_ Quantum Shear penetrates Earth. 45071_ Quantum Shear penetrates Reinforced Shell. 45072_ Dropped Graphene Brace. 45073_ Acquired Particle Accelerator. 45074_ Dropped Particle Accelerator. 45075_ Acquired Graphene Brace. 45083_ Acquired 7 matter. 45107_ System corrupted: Sigix Shearcannon failed to cycle. 45108_ Quantum Shear penetrates Wall. 45108_ Quantum Shear penetrates Earth. 45113_ Quantum Shear penetrates Wall. 45130_ Warped through subspace, drawn to slip node. 45130_ EXIT=FOUND [Achievement: Winner's Signature] Map ----- +----------------------------------------------------+ | | | | | | | | | | | | | | | | | | | | | | | | | | | | | | | | | ??????????#############################??????????? | | ?????????###############################?????????? | | ????????#################################????????? | | ????????#################################????????? | | ????????#################################????????? | | ???????###################################???????? | | ???????###################################???????? | | ???????################## ################???????? | | ???????################# ###############???????? | | ???????################# X ###############???????? | | ??????################## ################??????? | | ???????################ ###############???????? | | ??????################# #################??????? | | ???????################# ###############???????? | | ???????################ ###############???????? | | ??????################# #################??????? | | ??????################# < ################??????? | | ???????################ ################???????? | | ???????################# ################???????? | | ???????###################################???????? | | ???????###################################???????? | | ???????###################################???????? | | ????????#################################????????? | | ????????#################################????????? | | ????????#################################????????? | | ?????????###############################?????????? | | ??????????#############################??????????? | | ??????????#############################??????????? | | ???????????###########################???????????? | | ????????????#########################????????????? | | ?????????????#######################?????????????? | | ?????????????#####################???????????????? | | ???????????########################??????????????? | | ??????????##########################?????????????? | +----------------------------------------------------+ Best States ------------- Heat Dissipation 180 Energy Generation 97 Energy Capacity 850 Matter Stores 300 Matter Capacity 300 Sight Range 16 Robot Scan Range 16 Terrain Scan Range 18 Terrain Scan Density 1010 Jamming Range 14 Additional Mass Support 20 Armor Coverage 1800 Resistance: KI 50 Resistance: TH 50 Resistance: EX 50 Resistance: EM 50 Resistance: I 50 Resistance: S 50 Resistance: P 50 Propulsion Shielding 33 Point Defense Rating 240 Weapon Cycling 25 Evasion (%) 69 Targeting Accuracy 12 Core Analysis 8 Armor Integrity Analysis 40 Recoil Reduction 6 Matter Filtering 30 Kinecelleration 50 Offensive Hacking 100 Defensive Hacking 12 Authchip Count 1 Item Schematics ----------------- Arm. Heavy Treads | -2/Research | Hacked Impact Mace | -2/Testing | Archive Cld. Phase Cannon | -2/Testing | Archive Adv. Gravity Neutralizer | -2/Testing | Archive Ionic Axe | -2/Testing | Archive Coolant Network | -2/Testing | Archive Imp. Q-thruster | -2/Testing | Archive Robot Schematics ------------------ None Fabricated ------------ Centrium Heavy Treads | x1 | -3/Research | Authchip Hyp. Railgun | x2 | -3/Research | Preloaded Arm. Heavy Treads | x1 | -2/Testing Alien Tech Used ----------------- Integrated Reactor Transdimensional Reconstructor Core Reset Matrix Integrated Thermoelectric Network Integrated Dissipator Sigix Exoskeleton Sigix Sheargun Microwarp Drive Sigix Shearcannon Core Expander High-powered Transdimensional Reconstructor Core Regenerator Modified Sigix Sheargun Achievements -------------- Behind The Curtain Beloved More Dakka Please Shocking Conclusion The Bigger They Are Winner's Signature l33t h4x0r Challenges ------------ None Game ------ Seed BackupMiniBoomstick Manual? 0 Play Time 09:35:25 Cumulative 141.1 hours Start 2025.04.28 @ 13:07:39 End 2025.04.30 @ 22:49:47 Sessions 119 Manual Loads 0 Difficulty Rogue Special Mode None Game No. 18 Rogue 11 Adventurer 4 Explorer 3 Win Type 2 Total 13 Types 9/1/2/0/0/0/0/1/0 Lore% 55 Gallery% 64 Achievement% 64 Wizard Run 0 Options --------- Layout 0 ASCII 0 Keyboard 0 Movement Mouse Keybinds 0 Fullscreen 1 Font 18/TerminusBold Map View 76x50 Zoom Use 0% Tactical HUD 1 Map Filters NONE Filters NONE Steam 1 RUN: d7a28cbf-982e-41ab-a54c-b09b4846c3d9